Workbook
Name \0: '[1]CRA.MODI'!#REF!
Name \0: #REF!
Name \a: [2]PJ!#REF!
Name \A: #REF!
Name \b: #REF!
Name \c: #REF!
Name \c: #REF!
Name \d: #REF!
Name \e: #REF!
Name \e: #REF!
Name \f: #REF!
Name \f: #REF!
Name \g: #REF!
Name \h: #REF!
Name \i: #REF!
Name \i: #REF!
Name \k: #REF!
Name \L: #REF!
Name \m: #REF!
Name \M: #REF!
Name \n: #REF!
Name \P: #REF!
Name \p: #REF!
Name \q: #N/A
Name \r: #REF!
Name \R: #REF!
Name \s: #REF!
Name \s: #REF!
Name \sa: #REF!
Name \t: #REF!
Name \u: #REF!
Name \V: #REF!
Name \w: #N/A
Name \X: CONCRETOS!ERR
Name \x: [0]!err
Name \y: #REF!
Name \Z: CONCRETOS!ERR
Name \z: [0]!err
Name _: #REF!
Name _: #REF!
Name _________________________________________________AFC1: #REF!
Name _________________________________________________AFC3: #REF!
Name _________________________________________________AFC5: #REF!
Name _________________________________________________BGC1: #REF!
Name _________________________________________________BGC3: #REF!
Name _________________________________________________BGC5: #REF!
Name _________________________________________________CAC1: #REF!
Name _________________________________________________CAC3: #REF!
Name _________________________________________________CAC5: #REF!
Name _________________________________________________i1: #REF!
Name _________________________________________________SBC1: #REF!
Name _________________________________________________SBC3: #REF!
Name _________________________________________________SBC5: #REF!
Name ________________________________________________AFC1: #REF!
Name ________________________________________________AFC3: #REF!
Name ________________________________________________AFC5: #REF!
Name ________________________________________________BGC1: #REF!
Name ________________________________________________BGC3: #REF!
Name ________________________________________________BGC5: #REF!
Name ________________________________________________CAC1: #REF!

Sheet P. Obras Civiles
B2: PRESUPUESTO PARA LA ADECUACIÓN MENOR DEL PUESTO DE SALUD CEDRO DE RONCESVALLES, TOLIMA Ministerio de Salud y Protección Social Subdirección de Infraestructura en Salud
B3: Nombre Entidad : MUNICIPIO DE RONCESVALLES
B4: Sede: | C4: CENTRO DE SALUD CEDRO | F4: Valor mt2: 71.76 | I4: 4 meses
B5: ÍTEM | C5: ACTIVIDADES | D5: UNIDAD | E5: CANTIDAD | F5: VR UNITARIO | G5: VALOR TOTAL
B6: 1 | C6: PRELIMINARES
B7: 1.1 | C7: Cerramiento | D7: ml | E7: 28.44 | F7: =+'APUS Obras Civiles'!I37 -> 17306 | G7: =ROUND(Tabla13[[#This Row],[VR UNITARIO]]*Tabla13[[#This Row],[CANTIDAD]],0) -> 492183
B8: 1.2 | C8: Desmonte de cubierta en teja termo acústica color rojo. Incluye: maquinaria, equipos y la mano de obra necesaria para el correcto funcionamiento | D8: m2 | E8: 58.0517 | F8: =+'APUS Obras Civiles'!I82 -> 62095 | G8: =ROUND(Tabla13[[#This Row],[VR UNITARIO]]*Tabla13[[#This Row],[CANTIDAD]],0) -> 3604720
B9: 1.3 | C9: Desmonte de caballete en teja termo acústica color rojo, Incluye: maquinaria, equipos y la mano de obra necesaria para el correcto funcionamiento | D9: ml | E9: 6.53 | F9: =+'APUS Obras Civiles'!$I$127 -> 37382 | G9: =ROUND(Tabla13[[#This Row],[VR UNITARIO]]*Tabla13[[#This Row],[CANTIDAD]],0) -> 244104
B10: 1.4 | C10: Desmonte de luminarias, tomacorriente e interruptores. Incluye: maquinaria, equipos y la mano de obra necesaria para el correcto funcionamiento | D10: und | E10: 21 | F10: =+'APUS Obras Civiles'!I173 -> 34611 | G10: =ROUND(Tabla13[[#This Row],[VR UNITARIO]]*Tabla13[[#This Row],[CANTIDAD]],0) -> 726831
B11: 1.5 | C11: Desmonte de aparatos sanitarios. Incluye: maquinaria, equipos y la mano de obra necesaria para el correcto funcionamiento, trasiego y retiro. | D11: und | E11: 3 | F11: =+'APUS Obras Civiles'!I218 -> 91160 | G11: =ROUND(Tabla13[[#This Row],[VR UNITARIO]]*Tabla13[[#This Row],[CANTIDAD]],0) -> 273480
B12: 1.6 | C12: Desmonte de puertas, ventanas, divisiones. Incluye: maquinaria, equipos y la mano de obra necesaria para el correcto funcionamiento, trasiego y retiro. | D12: und | E12: 6 | F12: =+'APUS Obras Civiles'!I263 -> 75967 | G12: =ROUND(Tabla13[[#This Row],[VR UNITARIO]]*Tabla13[[#This Row],[CANTIDAD]],0) -> 455802
B13: 1.7 | C13: Demolición lavadero área de aseo, Incluye: maquinaria, equipos y la mano de obra necesaria para el correcto funcionamiento | D13: und | E13: 1 | F13: =+'APUS Obras Civiles'!I308 -> 46291 | G13: =ROUND(Tabla13[[#This Row],[VR UNITARIO]]*Tabla13[[#This Row],[CANTIDAD]],0) -> 46291
B14: 1.8 | C14: Demolición enchape muros y piso baño, Incluye: maquinaria, equipos y la mano de obra necesaria para el correcto funcionamiento | D14: m2 | E14: 10.7595 | F14: =+'APUS Obras Civiles'!I353 -> 43374 | G14: =ROUND(Tabla13[[#This Row],[VR UNITARIO]]*Tabla13[[#This Row],[CANTIDAD]],0) -> 466683
B15: 1.9 | C15: Demolición de muros. Incluye: maquinaria, equipos y la mano de obra necesaria para el correcto funcionamiento | D15: m2 | E15: 19.355 | F15: =+'APUS Obras Civiles'!I398 -> 58804 | G15: =ROUND(Tabla13[[#This Row],[VR UNITARIO]]*Tabla13[[#This Row],[CANTIDAD]],0) -> 1138151
B16: 1.1 | C16: Demolición manual de concreto. Incluye: maquinaria, equipos y la mano de obra necesaria para el correcto funcionamiento | D16: m3 | E16: 2.0802 | F16: =+'APUS Obras Civiles'!I443 -> 50041 | G16: =ROUND(Tabla13[[#This Row],[VR UNITARIO]]*Tabla13[[#This Row],[CANTIDAD]],0) -> 104095
B17: 1.11 | C17: Descapote de material natural a mano E:0.20m | D17: m2 | E17: 36.5267 | F17: =+'APUS Obras Civiles'!I488 -> 9385 | G17: =ROUND(Tabla13[[#This Row],[VR UNITARIO]]*Tabla13[[#This Row],[CANTIDAD]],0) -> 342803
B18: 1.12 | C18: Retiro de escombros y del material sobrante con su disposición final en botaderos autorizados por la entdad ambiental correspondiente | D18: m3 | E18: 48.220211 | F18: =+'APUS Obras Civiles'!I534 -> 57384 | G18: =ROUND(Tabla13[[#This Row],[VR UNITARIO]]*Tabla13[[#This Row],[CANTIDAD]],0) -> 2767069 | K18: =+SUM(G7:G18) -> 10662212 | L18: =+K18*1.3 -> 13860876
B19: 2 | C19: EXCAVACIONES Y RELLENOS
B20: 2.1 | C20: Excavación manual en material común | D20: m3 | E20: 14.5074 | F20: =+'APUS Obras Civiles'!I579 -> 75081 | G20: =ROUND(Tabla13[[#This Row],[VR UNITARIO]]*Tabla13[[#This Row],[CANTIDAD]],0) -> 1089230
B21: 2.2 | C21: Relleno en recebo común compactado mecánicamente | D21: m3 | E21: 40.838746 | F21: =+'APUS Obras Civiles'!I624 -> 294322 | G21: =ROUND(Tabla13[[#This Row],[VR UNITARIO]]*Tabla13[[#This Row],[CANTIDAD]],0) -> 12019741
B22: 2.3 | C22: Suministro e Instalacion Lecho en Arena Para Tuberia | D22: m3 | E22: 3.1632 | F22: =+'APUS Obras Civiles'!I669 -> 176347 | G22: =ROUND(Tabla13[[#This Row],[VR UNITARIO]]*Tabla13[[#This Row],[CANTIDAD]],0) -> 557821 | K22: =+SUM(G20:G22) -> 13666792 | L22: =+K22*1.3 -> 17766830
B23: 3 | C23: CONCRETOS
B24: 3.1 | C24: Viga de cimentación para soporte de muros de 20x30 en concreto de 3000 PSI con refuerzo incluido e impermeabilizada con imprimante bituminoso SIKA IGOL | D24: ml | E24: 30.91 | F24: ='APUS Obras Civiles'!I716 -> 205943.42 | G24: =ROUND(Tabla13[[#This Row],[VR UNITARIO]]*Tabla13[[#This Row],[CANTIDAD]],0) -> 6365711
B25: 3.2 | C25: Viga aérea para soporte de muros de 20x15 en concreto de 3000 PSI con refuerzo incluido | D25: ml | E25: 30.91 | F25: ='APUS Obras Civiles'!I765 -> 177049.82 | G25: =ROUND(Tabla13[[#This Row],[VR UNITARIO]]*Tabla13[[#This Row],[CANTIDAD]],0) -> 5472610
B26: 3.3 | C26: Escalones en concreto de 3000 PSI. Incluye acero de refuerzo | D26: m3 | E26: 1.908 | F26: ='APUS Obras Civiles'!I813 -> 1955836 | G26: =ROUND(Tabla13[[#This Row],[VR UNITARIO]]*Tabla13[[#This Row],[CANTIDAD]],0) -> 3731735 | K26: =+SUM(G24:G26) -> 15570056 | L26: =+K26*1.3 -> 20241073
B27: 4 | C27: OBRAS DE URBANISMO
B28: 4.1 | C28: Andén en concreto de 3000 PSI. Incluye acero de refuerzo | D28: m2 | E28: 3.975 | F28: ='APUS Obras Civiles'!I860 -> 171393.8 | G28: =ROUND(Tabla13[[#This Row],[VR UNITARIO]]*Tabla13[[#This Row],[CANTIDAD]],0) -> 681290
B29: 4.2 | C29: Rampa en concreto de 3000 PSI. Incluye acero de refuerzo | D29: m2 | E29: 5.43 | F29: ='APUS Obras Civiles'!I908 -> 209488.5 | G29: =ROUND(Tabla13[[#This Row],[VR UNITARIO]]*Tabla13[[#This Row],[CANTIDAD]],0) -> 1137523 | K29: =+SUM(G28:G29) -> 1818813 | L29: =+K29*1.3 -> 2364456.9
B30: 5 | C30: OBRAS EN CUBIERTA
B31: 5.1 | C31: Suministro e instalación de Teja arquitectónica C26 color azul. Incluye set de fijacion tornillo autoperforante tipo sombrilla de 2-1/2 | D31: m2 | E31: 74.393025 | F31: =+'APUS Obras Civiles'!I953 -> 122790 | G31: =ROUND(Tabla13[[#This Row],[VR UNITARIO]]*Tabla13[[#This Row],[CANTIDAD]],0) -> 9134720
B32: 5.2 | C32: Suministro e instalación de Caballete para teja arquitectónica CL 26. Incluye accesorios de instalación | D32: ml | E32: 6.8565 | F32: =+'APUS Obras Civiles'!I998 -> 96803 | G32: =ROUND(Tabla13[[#This Row],[VR UNITARIO]]*Tabla13[[#This Row],[CANTIDAD]],0) -> 663730
B33: 5.3 | C33: Suministro e instalación canal en lámina galvanizada C18, fachada principal y posterior, incluye accesorios y tornillería para asegurar las tejas y pintura | D33: ml | E33: 13.06 | F33: =+'APUS Obras Civiles'!I1044 -> 169767 | G33: =ROUND(Tabla13[[#This Row],[VR UNITARIO]]*Tabla13[[#This Row],[CANTIDAD]],0) -> 2217157
B34: 5.4 | C34: Suministro e instalación de correas en perfilería metálica para cubierta 80 x 40 x 2.00 mm estructural HR50 | D34: ml | E34: 130.6 | F34: ='APUS Obras Civiles'!I1090 -> 73222 | G34: =ROUND(Tabla13[[#This Row],[VR UNITARIO]]*Tabla13[[#This Row],[CANTIDAD]],0) -> 9562793
B35: 5.5 | C35: Suministro e instalación de correas en perfilería metálica para cubierta 100 x 40 x 2.00 mm estructural HR50 | D35: ml | E35: 54.25 | F35: ='APUS Obras Civiles'!I1136 -> 93556 | G35: =ROUND(Tabla13[[#This Row],[VR UNITARIO]]*Tabla13[[#This Row],[CANTIDAD]],0) -> 5075413 | K35: =+SUM(G31:G35) -> 26653813 | L35: =+K35*1.3 -> 34649957
B36: 6 | C36: MAMPOSTERÍA Y PINTURA
B37: 6.1 | C37: Muro en ladrillo estructural e:0.15m | D37: m2 | E37: 72.5918 | F37: ='APUS Obras Civiles'!I1182 -> 134115.77 | G37: =ROUND(Tabla13[[#This Row],[VR UNITARIO]]*Tabla13[[#This Row],[CANTIDAD]],0) -> 9735705
B38: 6.2 | C38: Columneta 15x15 en concreto de 3000 PSI. Incluye acero de refuerzo | D38: ml | E38: 18.91 | F38: =+'APUS Obras Civiles'!I1230 -> 121517.44 | G38: =ROUND(Tabla13[[#This Row],[VR UNITARIO]]*Tabla13[[#This Row],[CANTIDAD]],0) -> 2297895
B39: 6.3 | C39: Resane y pintura sobre muros internos: masillado, Pintura acrilica de alta asepsia N+0.00 A Cieloraso. (acabado superficie homogenea alisada) | D39: m2 | E39: 176.513 | F39: =+'APUS Obras Civiles'!I1275 -> 49277 | G39: =ROUND(Tabla13[[#This Row],[VR UNITARIO]]*Tabla13[[#This Row],[CANTIDAD]],0) -> 8698031
B40: 6.4 | C40: Muro + dintel Eje A2- A3 en ladrillo estructural e:0.15m. Incluye Pañete y todos los accesorios para su buen funcionamiento | D40: m2 | E40: 7.272 | F40: =+'APUS Obras Civiles'!I1323 -> 157399.64 | G40: =ROUND(Tabla13[[#This Row],[VR UNITARIO]]*Tabla13[[#This Row],[CANTIDAD]],0) -> 1144610
B41: 6.5 | C41: Pañete 1:4 E=0.03m, Incluye filos y dilataciones. | D41: m2 | E41: 156.00387 | F41: =+'APUS Obras Civiles'!I1369 -> 44780 | G41: =ROUND(Tabla13[[#This Row],[VR UNITARIO]]*Tabla13[[#This Row],[CANTIDAD]],0) -> 6985853
B42: 6.6 | C42: Pintura exterior sobre muros fachada principal y posterior. E=0.03m, Incluye filos y dilataciones. | D42: m2 | E42: 38.3372 | F42: =+'APUS Obras Civiles'!I1414 -> 38558 | G42: =ROUND(Tabla13[[#This Row],[VR UNITARIO]]*Tabla13[[#This Row],[CANTIDAD]],0) -> 1478206
B43: 6.7 | C43: Graniplast para fachada | D43: m2 | E43: 38.3427 | F43: =+'APUS Obras Civiles'!I1459 -> 49568 | G43: =ROUND(Tabla13[[#This Row],[VR UNITARIO]]*Tabla13[[#This Row],[CANTIDAD]],0) -> 1900571 | K43: =+SUM(G37:G43) -> 32240871 | L43: =+K43*1.3 -> 41913132
B44: 7 | C44: PISOS Y CIELO RASO
B45: 7.1 | C45: Suministro e instalación de cielo falso en PVC. Incluye estructura de soporte | D45: m2 | E45: 70.11213 | F45: =+'APUS Obras Civiles'!I1505 -> 88863 | G45: =ROUND(Tabla13[[#This Row],[VR UNITARIO]]*Tabla13[[#This Row],[CANTIDAD]],0) -> 6230374
B46: 7.2 | C46: Mortero de nivelación 1:4 E=3cm para pisos interior | D46: m2 | E46: 63.7593 | F46: =+'APUS Obras Civiles'!I1551 -> 95892.856 | G46: =ROUND(Tabla13[[#This Row],[VR UNITARIO]]*Tabla13[[#This Row],[CANTIDAD]],0) -> 6114061
B47: 7.3 | C47: Mortero de nivelación endurecido 1:4 E=5cm para pisos exterior | D47: m2 | E47: 5.3889 | F47: =+'APUS Obras Civiles'!I1596 -> 109807.33 | G47: =ROUND(Tabla13[[#This Row],[VR UNITARIO]]*Tabla13[[#This Row],[CANTIDAD]],0) -> 591741
B48: 7.4 | C48: Guarda escoba Cerámico Budapest Gris Cara Única 60x60cm o similar formato, incluye boquilla color, masilla y todo necesario para su correcta instalación | D48: ml | E48: 73.799 | F48: =+'APUS Obras Civiles'!I1639 -> 30190.45 | G48: =ROUND(Tabla13[[#This Row],[VR UNITARIO]]*Tabla13[[#This Row],[CANTIDAD]],0) -> 2228025 | K48: =+SUM(G45:G48) -> 15164201 | L48: =+K48*1.3 -> 19713461
B49: 8 | C49: ENCHAPES Y ACCESORIOS BAÑOS
B50: 8.1 | C50: Pared Cerámica Jaya Blanco 30 cmx 60cm o similar formato, incluye boquilla color, masilla y todo lo necesario para su correcta instalación | D50: m2 | E50: 57.68664 | F50: =+'APUS Obras Civiles'!I1685 -> 95537 | G50: =ROUND(Tabla13[[#This Row],[VR UNITARIO]]*Tabla13[[#This Row],[CANTIDAD]],0) -> 5511209
B51: 8.2 | C51: Piso Cerámico Mikonos Ard Blanco33.8x33.8cm o similar formato, incluye boquilla color, masilla y todo lo necesario para su correcta instalación | D51: m2 | E51: 9.52512 | F51: =+'APUS Obras Civiles'!I1730 -> 94227 | G51: =ROUND(Tabla13[[#This Row],[VR UNITARIO]]*Tabla13[[#This Row],[CANTIDAD]],0) -> 897523
B52: 8.3 | C52: Piso Cerámico Budapest Gris Cara Única 60x60cm o similar formato, incluye boquilla color, masilla y todo lo necesario para su correcta instalación | D52: m2 | E52: 53.88603 | F52: =+'APUS Obras Civiles'!I1775 -> 84802 | G52: =ROUND(Tabla13[[#This Row],[VR UNITARIO]]*Tabla13[[#This Row],[CANTIDAD]],0) -> 4569643
B53: 8.4 | C53: Suministro e instalacion Sanitario fluxometro institucional, griferia sloan manual o similar, incluye accesorios de instalación. | D53: und | E53: 2 | F53: =+'APUS Obras Civiles'!I1816 -> 1875020 | G53: =ROUND(Tabla13[[#This Row],[VR UNITARIO]]*Tabla13[[#This Row],[CANTIDAD]],0) -> 3750040
B54: 8.5 | C54: Suministro e instalacion Lavamanos de colgar, griferia grival o similar, incluye accesorios de instalación. | D54: und | E54: 4 | F54: =+'APUS Obras Civiles'!I1858 -> 640350 | G54: =ROUND(Tabla13[[#This Row],[VR UNITARIO]]*Tabla13[[#This Row],[CANTIDAD]],0) -> 2561400
B55: 8.6 | C55: Suministro e instalación Dispensador de toallas con visor de nivel para abastecimiento tipo Corona o similar | D55: und | E55: 4 | F55: =+'APUS Obras Civiles'!I1899 -> 212884 | G55: =ROUND(Tabla13[[#This Row],[VR UNITARIO]]*Tabla13[[#This Row],[CANTIDAD]],0) -> 851536
B56: 8.7 | C56: Suministro e instalación Dispensador de papel higiénico en acero inoxidable 304, sistema antivandálico con llave. Tipo corona o similar | D56: und | E56: 2 | F56: =+'APUS Obras Civiles'!I1939 -> 255684 | G56: =ROUND(Tabla13[[#This Row],[VR UNITARIO]]*Tabla13[[#This Row],[CANTIDAD]],0) -> 511368
B57: 8.8 | C57: Suministro e instalación Dispensador de jabón sobre muro expuesto de acondicionamiento Push. Tipo corona o similar | D57: und | E57: 4 | F57: =+'APUS Obras Civiles'!I1980 -> 140540 | G57: =ROUND(Tabla13[[#This Row],[VR UNITARIO]]*Tabla13[[#This Row],[CANTIDAD]],0) -> 562160
B58: 8.9 | C58: Suministro e instalacion Espejo compacto E= 3 mm 60x60cm. Bordes redondeados 60X60cm, sobre muro con alta adherencia. Ref: Aluvia Tipo Corona o similar. | D58: und | E58: 2 | F58: =+'APUS Obras Civiles'!I2022 -> 199273 | G58: =ROUND(Tabla13[[#This Row],[VR UNITARIO]]*Tabla13[[#This Row],[CANTIDAD]],0) -> 398546
B59: 8.1 | C59: Suministro e instalación Juego de barras de seguridad / pasamanos para discapacitados para anclaje sobre muro. Incluye elementos de fijación en acero inoxidable | D59: und | E59: 1 | F59: =+'APUS Obras Civiles'!I2064 -> 458146 | G59: =ROUND(Tabla13[[#This Row],[VR UNITARIO]]*Tabla13[[#This Row],[CANTIDAD]],0) -> 458146 | K59: =+SUM(G50:G59) -> 20071571 | L59: =+K59*1.3 -> 26093042
B60: 9 | C60: SUMINISTRO E INSTALACIÓN CARPINTERIA EN MADERA - METÁLICA
B61: 9.1 | C61: Suministro e instalación Puerta en aluminio (P1) Dim: 1.00 x1.90 (h) (Acceso) | D61: Und | E61: 1 | F61: =+'APUS Obras Civiles'!I2105 -> 2200340 | G61: =ROUND(Tabla13[[#This Row],[VR UNITARIO]]*Tabla13[[#This Row],[CANTIDAD]],0) -> 2200340
B62: 9.2 | C62: Suministro e instalación Puerta en madera. Incluye cerradura. Dim: 1.00x1.95 m(h) (área Consultorios y toma de muestras) | D62: Und | E62: 3 | F62: =+'APUS Obras Civiles'!I2148 -> 1317717 | G62: =ROUND(Tabla13[[#This Row],[VR UNITARIO]]*Tabla13[[#This Row],[CANTIDAD]],0) -> 3953151
B63: 9.3 | C63: Suministro e instalación Puerta en madera. Incluye cerradura. Dim: 0.8x1.95 m(h) (Baño toma de muestras) | D63: Und | E63: 1 | F63: =+'APUS Obras Civiles'!I2191 -> 1015217 | G63: =ROUND(Tabla13[[#This Row],[VR UNITARIO]]*Tabla13[[#This Row],[CANTIDAD]],0) -> 1015217
B64: 9.4 | C64: Suministro e instalación de puerta corrediza en madera, incluye riel y cerradura. Dim: 1.00x1.95 m(h) (área baño) | D64: Und | E64: 1 | F64: =+'APUS Obras Civiles'!I2235 -> 1315215 | G64: =ROUND(Tabla13[[#This Row],[VR UNITARIO]]*Tabla13[[#This Row],[CANTIDAD]],0) -> 1315215
B65: 9.5 | C65: Suministro e instalación Puerta en aluminio. Dim: 0.80 x1.90 (h) (Cuarto de Residuos) | D65: Und | E65: 1 | F65: =+'APUS Obras Civiles'!I2279 -> 1690540 | G65: =ROUND(Tabla13[[#This Row],[VR UNITARIO]]*Tabla13[[#This Row],[CANTIDAD]],0) -> 1690540
B66: 9.6 | C66: Suministro e instalación Ventana en aluminio. Incluye marco y reja. (V1) Dim: 2.05 x 1.00m (área fachada principal) | D66: Und | E66: 1 | F66: =+'APUS Obras Civiles'!I2322 -> 4418240 | G66: =ROUND(Tabla13[[#This Row],[VR UNITARIO]]*Tabla13[[#This Row],[CANTIDAD]],0) -> 4418240
B67: 9.7 | C67: Suministro e instalación Ventana en aluminio. Incluye marco y reja. Dim: 1.50 x 1.00m (área consultorios y toma de muestras) | D67: Und | E67: 2 | F67: =+'APUS Obras Civiles'!I2366 -> 3066970 | G67: =ROUND(Tabla13[[#This Row],[VR UNITARIO]]*Tabla13[[#This Row],[CANTIDAD]],0) -> 6133940
B68: 9.8 | C68: Suministro e instalacion Ventana en aluminio. Incluye marco Dim: 1.02 x 0.50m (área Baño) | D68: Und | E68: 1 | F68: =+'APUS Obras Civiles'!I2410 -> 517933 | G68: =ROUND(Tabla13[[#This Row],[VR UNITARIO]]*Tabla13[[#This Row],[CANTIDAD]],0) -> 517933
B69: 9.9 | C69: Barandal en acero inoxidable con parales cada ± 1.4 m de 0.90 m de altura total y línea intermedia a 0.70 m del piso, fabricado en tubería de 2” y 1 1/2" calibre 16 acabado satinado y bases de 3 1/2” de diámetro y 4.5 mm de espesor para rampa | D69: ml | E69: 5.59 | F69: =+'APUS Obras Civiles'!I2452 -> 780548 | G69: =ROUND(Tabla13[[#This Row],[VR UNITARIO]]*Tabla13[[#This Row],[CANTIDAD]],0) -> 4363263 | K69: =+SUM(G61:G69) -> 25607839 | L69: =+K69*1.3 -> 33290191
B70: 10 | C70: SUMINISTRO E INSTALACIONES ELÉCTRICAS
B71: 10.1 | C71: Suministro e instalación de red para conexión de luminarias | D71: ML | E71: 43.81 | F71: =+'APUS Obras Civiles'!I2495 -> 92027 | G71: =ROUND(Tabla13[[#This Row],[VR UNITARIO]]*Tabla13[[#This Row],[CANTIDAD]],0) -> 4031703
B72: 10.2 | C72: Suministro e instalación de red para conexión de tomacorrientes | D72: ML | E72: 37.78 | F72: =+'APUS Obras Civiles'!I2538 -> 86198 | G72: =ROUND(Tabla13[[#This Row],[VR UNITARIO]]*Tabla13[[#This Row],[CANTIDAD]],0) -> 3256560
B73: 10.3 | C73: Suministro e instalación de Luminaria Led 8" | D73: und | E73: 16 | F73: =+'APUS Obras Civiles'!I2578 -> 84147 | G73: =ROUND(Tabla13[[#This Row],[VR UNITARIO]]*Tabla13[[#This Row],[CANTIDAD]],0) -> 1346352
B74: 10.4 | C74: Suministro e instalación de Toma Corriente Doble | D74: Und | E74: 11 | F74: =+'APUS Obras Civiles'!I2618 -> 26618 | G74: =ROUND(Tabla13[[#This Row],[VR UNITARIO]]*Tabla13[[#This Row],[CANTIDAD]],0) -> 292798
B75: 10.5 | C75: Salida interruptor sencillo en tubería EMT ø 3/4" | D75: Und | E75: 4 | F75: =+'APUS Obras Civiles'!I2666 -> 383676 | G75: =ROUND(Tabla13[[#This Row],[VR UNITARIO]]*Tabla13[[#This Row],[CANTIDAD]],0) -> 1534704
B76: 10.6 | C76: Salida interruptor doble Conmutable en tubería EMT ø 3/4" | D76: Und | E76: 3 | F76: =+'APUS Obras Civiles'!I2713 -> 390991 | G76: =ROUND(Tabla13[[#This Row],[VR UNITARIO]]*Tabla13[[#This Row],[CANTIDAD]],0) -> 1172973
B77: 10.7 | C77: Salida interruptor triple Conmutable en tubería EMT ø 3/4" | D77: Und | E77: 2 | F77: =+'APUS Obras Civiles'!I2761 -> 408577 | G77: =ROUND(Tabla13[[#This Row],[VR UNITARIO]]*Tabla13[[#This Row],[CANTIDAD]],0) -> 817154
B78: 10.8 | C78: Salida General EMT UTP. Incluye aparato | D78: Und | E78: 2 | F78: =+'APUS Obras Civiles'!I2807 -> 439320 | G78: =ROUND(Tabla13[[#This Row],[VR UNITARIO]]*Tabla13[[#This Row],[CANTIDAD]],0) -> 878640
B79: 10.9 | C79: Tablero 8 circuitos | D79: Und | E79: 1 | F79: =+'APUS Obras Civiles'!I2852 -> 1470407 | G79: =ROUND(Tabla13[[#This Row],[VR UNITARIO]]*Tabla13[[#This Row],[CANTIDAD]],0) -> 1470407
B80: 10.1 | C80: Luminaria de pared (aplique) | D80: Und | E80: 1 | F80: =+'APUS Obras Civiles'!I2894 -> 69254 | G80: =ROUND(Tabla13[[#This Row],[VR UNITARIO]]*Tabla13[[#This Row],[CANTIDAD]],0) -> 69254
B81: 10.11 | C81: Acometida Monofasica Subterranea | D81: Und | E81: 1 | F81: =+'APUS Obras Civiles'!I2946 -> 4159926 | G81: =ROUND(Tabla13[[#This Row],[VR UNITARIO]]*Tabla13[[#This Row],[CANTIDAD]],0) -> 4159926
B82: 10.12 | C82: Polo a Tierra | D82: Und | E82: 1 | F82: =+'APUS Obras Civiles'!I2988 -> 986232 | G82: =ROUND(Tabla13[[#This Row],[VR UNITARIO]]*Tabla13[[#This Row],[CANTIDAD]],0) -> 986232 | K82: =+SUM(G71:G82) -> 20016703 | L82: =+K82*1.3 -> 26021714
B83: 11 | C83: SUMINISTRO E INSTALACIONES HIDROSANITARIAS Y AGUAS LLUVIAS
B84: 11.1 | C84: Punto hidráulico PVC PRS 1/2" | D84: Und | E84: 12 | F84: =+'APUS Obras Civiles'!I3032 -> 88978 | G84: =ROUND(Tabla13[[#This Row],[VR UNITARIO]]*Tabla13[[#This Row],[CANTIDAD]],0) -> 1067736
B85: 11.2 | C85: Suministro e instalación Tubería a presión lisa PVC 1/2" RDE 13.5 | D85: ml | E85: 38.09 | F85: =+'APUS Obras Civiles'!I3075 -> 14532 | G85: =ROUND(Tabla13[[#This Row],[VR UNITARIO]]*Tabla13[[#This Row],[CANTIDAD]],0) -> 553524
B86: 11.3 | C86: Suministro e instalación de llave de paso de 1/2" | D86: Und | E86: 4 | F86: =+'APUS Obras Civiles'!I3118 -> 35697 | G86: =ROUND(Tabla13[[#This Row],[VR UNITARIO]]*Tabla13[[#This Row],[CANTIDAD]],0) -> 142788
B87: 11.4 | C87: Suministro e instalación de tapa de registro | D87: Und | E87: 4 | F87: =+'APUS Obras Civiles'!I3158 -> 37462 | G87: =ROUND(Tabla13[[#This Row],[VR UNITARIO]]*Tabla13[[#This Row],[CANTIDAD]],0) -> 149848
B88: 11.5 | C88: Suministro e instalación de accesorios PVC-P de 1/2" | D88: Und | E88: 13 | F88: =+'APUS Obras Civiles'!I3200 -> 5078 | G88: =ROUND(Tabla13[[#This Row],[VR UNITARIO]]*Tabla13[[#This Row],[CANTIDAD]],0) -> 66014
B89: 11.6 | C89: Punto Sanitario PVC 2" | D89: Und | E89: 9 | F89: =+'APUS Obras Civiles'!I3245 -> 98108 | G89: =ROUND(Tabla13[[#This Row],[VR UNITARIO]]*Tabla13[[#This Row],[CANTIDAD]],0) -> 882972
B90: 11.7 | C90: Punto Sanitario sifón de piso PVC 2" | D90: und | E90: 1 | F90: =+'APUS Obras Civiles'!I3286 -> 90825 | G90: =ROUND(Tabla13[[#This Row],[VR UNITARIO]]*Tabla13[[#This Row],[CANTIDAD]],0) -> 90825
B91: 11.8 | C91: Punto Sanitario PVC 4" | D91: Und | E91: 2 | F91: =+'APUS Obras Civiles'!I3328 -> 152399 | G91: =ROUND(Tabla13[[#This Row],[VR UNITARIO]]*Tabla13[[#This Row],[CANTIDAD]],0) -> 304798
B92: 11.9 | C92: Suministro e instalación de tubería sanitaria lisa PVC 2" | D92: ml | E92: 29.42 | F92: =+'APUS Obras Civiles'!I3373 -> 37560 | G92: =ROUND(Tabla13[[#This Row],[VR UNITARIO]]*Tabla13[[#This Row],[CANTIDAD]],0) -> 1105015
B93: 11.1 | C93: Suministro e instalación de tubería sanitaria lisa PVC 4" | D93: ml | E93: 16.22 | F93: =+'APUS Obras Civiles'!I3416 -> 70280 | G93: =ROUND(Tabla13[[#This Row],[VR UNITARIO]]*Tabla13[[#This Row],[CANTIDAD]],0) -> 1139942
B94: 11.11 | C94: Rejilla para sifones | D94: Und | E94: 1 | F94: =+'APUS Obras Civiles'!I3459 -> 30150 | G94: =ROUND(Tabla13[[#This Row],[VR UNITARIO]]*Tabla13[[#This Row],[CANTIDAD]],0) -> 30150
B95: 11.12 | C95: Suministro e instalación de Yee Reducida PVC 4x2" | D95: Und | E95: 10 | F95: =+'APUS Obras Civiles'!I3499 -> 49013 | G95: =ROUND(Tabla13[[#This Row],[VR UNITARIO]]*Tabla13[[#This Row],[CANTIDAD]],0) -> 490130
B96: 11.13 | C96: Suministro e instalación de Yee en PVC 4" | D96: Und | E96: 2 | F96: =+'APUS Obras Civiles'!I3538 -> 57680 | G96: =ROUND(Tabla13[[#This Row],[VR UNITARIO]]*Tabla13[[#This Row],[CANTIDAD]],0) -> 115360
B97: 11.14 | C97: Caja de inspección en concreto de 3500 PSI de 0.60 x 0.60 m | D97: Und | E97: 1 | F97: =+'APUS Obras Civiles'!I3584 -> 723623 | G97: =ROUND(Tabla13[[#This Row],[VR UNITARIO]]*Tabla13[[#This Row],[CANTIDAD]],0) -> 723623
B98: 11.15 | C98: Caja de inspección en concreto de 3500 PSI de 0.80 x 0.80 m | D98: Und | E98: 1 | F98: =+'APUS Obras Civiles'!I3628 -> 1060734 | G98: =ROUND(Tabla13[[#This Row],[VR UNITARIO]]*Tabla13[[#This Row],[CANTIDAD]],0) -> 1060734 | K98: =+SUM(G84:G98) -> 7923459 | L98: =+K98*1.3 -> 10300497
B99: 13 | C99: ASEO GENERAL
B100: 13.1 | C100: Aseo general | D100: m2 | E100: 88.155 | F100: =+'APUS Obras Civiles'!I3673 -> 3192 | G100: =ROUND(Tabla13[[#This Row],[VR UNITARIO]]*Tabla13[[#This Row],[CANTIDAD]],0) -> 281391 | K100: =+SUM(G100) -> 281391 | L100: =+K100*1.3 -> 365808.3
C102: TOTAL COSTOS DIRECTOS - OBRA | G102: =SUM(Tabla13[[ VALOR TOTAL]]) -> 189677721
...

Sheet APUS Obras Civiles
C1: ANALISIS DE PRECIOS UNITARIOS
C2: PROPONENTE | D2: CENTRO DE SALUD EL CEDRO | H2: FECHA | I2: 45961
C3: OBRA | F3: DESCRIPCION
C4: ADECUACIONES EN INFRAESTRUCTURA FISICA | F4: =+'P. Obras Civiles'!C7 -> Cerramiento
C5: UNIDAD : ML | D5: ITEM : | E5: =+'P. Obras Civiles'!B7 -> 1.1
C6: CANTIDAD EN EL PROYECTO : | E6: =+'P. Obras Civiles'!E7 -> 28.44
C7: I.- EQUIPOS Y HERRAMIENTAS
C8: TIPO INSUMO | E8: HH/DD/MES | F8: RENDIM. o % | G8: V-UNITARIO | H8: VALOR PARCIAL | I8: V. PARCIAL TOTAL
A9: E100015 | C9: =+VLOOKUP(A9,'Herramientas y Equipos'!$B$4:$E$46,2,FALSE) -> Herramienta menor E, Gral. Obra | E9: =+VLOOKUP(A9,'Herramientas y Equipos'!$B$4:$E$46,3,FALSE) -> % | F9: =+VLOOKUP(A9,'Herramientas y Equipos'!$B$4:$E$46,4,FALSE) -> 0.04 | G9: =+I35 -> 7888 | H9: =ROUND(SUM(G9*F9),0) -> 316
H12: SUB TOTAL EQUIPOS | I12: =SUM(H9:H11) -> 316
C13: II.-MATERIALES DE OBRA
C14: TIPO INSUMO | E14: UN | F14: CANTIDAD | G14: DESPERD. % | H14: V. UNITARIO | I14: V. PARCIAL TOTAL
A15: =+Insumos!B22 -> I100064 | C15: =+VLOOKUP(A15,Insumos!$B$4:$E$27,2,FALSE) -> Puntilla con cabeza 2" | E15: =+VLOOKUP(A15,Insumos!$B$4:$E$27,3,FALSE) -> LB | F15: 0.09 | G15: 0.05 | H15: =+VLOOKUP(A15,Insumos!$B$4:$E$27,4,FALSE) -> 5457 | I15: =+ROUND((F15*H15)+(G15*F15*H15),0) -> 516
A16: =+Insumos!B23 -> I100065 | C16: =+VLOOKUP(A16,Insumos!$B$4:$E$27,2,FALSE) -> Durmiente 4CM X 4CM X 2.9M | E16: =+VLOOKUP(A16,Insumos!$B$4:$E$27,3,FALSE) -> UND | F16: 0.33 | G16: 0.05 | H16: =+VLOOKUP(A16,Insumos!$B$4:$E$27,4,FALSE) -> 14280 | I16: =+ROUND((F16*H16)+(G16*F16*H16),0) -> 4948
A17: =+Insumos!B24 -> I100066 | C17: =+VLOOKUP(A17,Insumos!$B$4:$E$27,2,FALSE) -> Polisombra | E17: =+VLOOKUP(A17,Insumos!$B$4:$E$27,3,FALSE) -> M2 | F17: 1 | G17: 0.05 | H17: =+VLOOKUP(A17,Insumos!$B$4:$E$27,4,FALSE) -> 2274 | I17: =+ROUND((F17*H17)+(G17*F17*H17),0) -> 2388
G24: SUB TOTAL MATERIALES | I24: =SUM(I15:I23) -> 7852
C25: III.-TRANSPORTES DE MATERIALES
C26: TIPO INSUMO | E26: VOL-PES-DIST | F26: RENDIMIENTO | G26: TARIFA | H26: V. UNITARIO | I26: V. PARCIAL TOTAL
C27: Transporte de material (Ton) | E27: 0.005 | F27: 1 | G27: 250000 | H27: =+ROUND(E27*F27*G27,0) -> 1250
G29: SUB TOTAL TRANSPORTE | I29: =SUM(H27:H28) -> 1250
C30: IV.- MANO DE OBRA
C31: TIPO INSUMO | E31: UNIDAD | F31: CANTIDAD | G31: V. UNITARIO | H31: RENDIMIENTO | I31: V. PARCIAL TOTAL
C32: =+'Mano de Obra'!$B$135 -> Cuadrilla General de obra | E32: hora | F32: 8 | G32: =+'Mano de Obra'!$F$143 -> 2310190.1 | H32: 0.027314 | I32: =ROUND(SUM(G32/F32)*H32,0) -> 7888
I33: =SUM(G33*F33)*H33 -> 0
I34: =SUM(G34*F34)*H34 -> 0
G35: SUB TOTAL MANO DE OBRA | I35: =I32 -> 7888
F37: TOTAL COSTO DIRECTO | I37: =SUM(I12+I24+I29+I35) -> 17306
C38: V.- COSTOS INDIRECTO
C39: FIRMA No. T.P. A1485552010-59313786 | E39: DESCRIPCION | G39: % | H39: VALOR
E40: ADMINISTRACION | G40: 0.23 | H40: =ROUND($I$37*G40,0) -> 3980
E41: IMPREVISTOS | G41: 0.02 | H41: =ROUND($I$37*G41,0) -> 346
E42: UTILIDAD | G42: 0.05 | H42: =ROUND($I$37*G42,0) -> 865
E43: TOTAL COSTO INDIRECTO | I43: =SUM(H40:H42) -> 5191
E44: PRECIO UNITARIO TOTAL | H44: =SUM(I37+I43) -> 22497
C46: ANALISIS DE PRECIOS UNITARIOS
C47: PROPONENTE | D47: CENTRO DE SALUD EL CEDRO | H47: FECHA | I47: 45961
C48: OBRA | F48: DESCRIPCION
C49: ADECUACIONES EN INFRAESTRUCTURA FISICA | F49: =+'P. Obras Civiles'!C8 -> Desmonte de cubierta en teja termo acústica color rojo. Incluye: maquinaria, equipos y la mano de obra necesaria para el correcto funcionamiento
C50: UNIDAD : M2 | D50: ITEM : | E50: =+'P. Obras Civiles'!B8 -> 1.2
C51: CANTIDAD EN EL PROYECTO : | E51: =+'P. Obras Civiles'!E8 -> 58.0517
C52: I.- EQUIPOS Y HERRAMIENTAS
C53: TIPO INSUMO | E53: HH/DD/MES | F53: RENDIM. o % | G53: V-UNITARIO | H53: VALOR PARCIAL | I53: V. PARCIAL TOTAL
A54: E100015 | C54: =+VLOOKUP(A54,'Herramientas y Equipos'!$B$4:$E$46,2,FALSE) -> Herramienta menor E, Gral. Obra | E54: =+VLOOKUP(A54,'Herramientas y Equipos'!$B$4:$E$46,3,FALSE) -> % | F54: =+VLOOKUP(A54,'Herramientas y Equipos'!$B$4:$E$46,4,FALSE) -> 0.04 | G54: =+I80 -> 56822 | H54: =ROUND(SUM(G54*F54),0) -> 2273
A55: E100002 | C55: =+VLOOKUP(A55,'Herramientas y Equipos'!$B$4:$E$46,2,FALSE) -> Andamio de seguridad 1,40x2,07 H=2+1 | E55: =+VLOOKUP(A55,'Herramientas y Equipos'!$B$4:$E$46,3,FALSE) -> Hora | F55: 0.2 | G55: =+VLOOKUP(A55,'Herramientas y Equipos'!$B$4:$E$46,4,FALSE) -> 7500 | H55: =ROUND(SUM(G55*F55),0) -> 1500
H57: SUB TOTAL EQUIPOS | I57: =SUM(H54:H56) -> 3773
C58: II.-MATERIALES DE OBRA
C59: TIPO INSUMO | E59: UN | F59: CANTIDAD | G59: DESPERD. % | H59: V. UNITARIO | I59: V. PARCIAL TOTAL
I60: =(F60*(1+G60/100)) * (H60*(1/100)) -> 0
G69: SUB TOTAL MATERIALES | I69: =SUM(I60:I68) -> 0
C70: III.-TRANSPORTES DE MATERIALES
C71: TIPO INSUMO | E71: VOL-PES-DIST | F71: RENDIMIENTO | G71: TARIFA | H71: V. UNITARIO | I71: V. PARCIAL TOTAL
C72: Transporte de material (Ton) | E72: 0.006 | F72: 1 | G72: 250000 | H72: =+ROUND(E72*F72*G72,0) -> 1500
G74: SUB TOTAL TRANSPORTE | I74: =SUM(H72:H73) -> 1500
C75: IV.- MANO DE OBRA
C76: TIPO INSUMO | E76: UNIDAD | F76: CANTIDAD | G76: V. UNITARIO | H76: RENDIMIENTO | I76: V. PARCIAL TOTAL
C77: =+'Mano de Obra'!$B$135 -> Cuadrilla General de obra | E77: hora | F77: 8 | G77: =+'Mano de Obra'!$F$143 -> 2310190.1 | H77: 0.1967697 | I77: =ROUND(SUM(G77/F77)*H77,0) -> 56822
I78: =SUM(G78*F78)*H78 -> 0
I79: =SUM(G79*F79)*H79 -> 0
G80: SUB TOTAL MANO DE OBRA | I80: =I77 -> 56822
F82: TOTAL COSTO DIRECTO | I82: =SUM(I57+I69+I74+I80) -> 62095
C83: V.- COSTOS INDIRECTO
C84: FIRMA No. T.P. A1485552010-59313786 | E84: DESCRIPCION | G84: % | H84: VALOR
E85: ADMINISTRACION | G85: 0.23 | H85: =ROUND($I$82*G85,0) -> 14282
E86: IMPREVISTOS | G86: 0.02 | H86: =ROUND($I$82*G86,0) -> 1242
E87: UTILIDAD | G87: 0.05 | H87: =ROUND($I$82*G87,0) -> 3105
E88: TOTAL COSTO INDIRECTO | I88: =SUM(H85:H87) -> 18629
E89: PRECIO UNITARIO TOTAL | H89: =SUM(I82+I88) -> 80724
C91: ANALISIS DE PRECIOS UNITARIOS
C92: PROPONENTE | D92: CENTRO DE SALUD EL CEDRO | H92: FECHA | I92: 45961
C93: OBRA | F93: DESCRIPCION
C94: ADECUACIONES EN INFRAESTRUCTURA FISICA | F94: =+'P. Obras Civiles'!C9 -> Desmonte de caballete en teja termo acústica color rojo, Incluye: maquinaria, equipos y la mano de obra necesaria para el correcto funcionamiento
C95: UNIDAD : ML | D95: ITEM : | E95: =+'P. Obras Civiles'!B9 -> 1.3
C96: CANTIDAD EN EL PROYECTO : | E96: =+'P. Obras Civiles'!E9 -> 6.53
C97: I.- EQUIPOS Y HERRAMIENTAS
C98: TIPO INSUMO | E98: HH/DD/MES | F98: RENDIM. o % | G98: V-UNITARIO | H98: VALOR PARCIAL | I98: V. PARCIAL TOTAL
A99: E100015 | C99: =+VLOOKUP(A99,'Herramientas y Equipos'!$B$4:$E$46,2,FALSE) -> Herramienta menor E, Gral. Obra | E99: =+VLOOKUP(A99,'Herramientas y Equipos'!$B$4:$E$46,3,FALSE) -> % | F99: =+VLOOKUP(A99,'Herramientas y Equipos'!$B$4:$E$46,4,FALSE) -> 0.04 | G99: =+I125 -> 33877 | H99: =ROUND(SUM(G99*F99),0) -> 1355
A100: E100002 | C100: =+VLOOKUP(A100,'Herramientas y Equipos'!$B$4:$E$46,2,FALSE) -> Andamio de seguridad 1,40x2,07 H=2+1 | E100: =+VLOOKUP(A100,'Herramientas y Equipos'!$B$4:$E$46,3,FALSE) -> Hora | F100: 0.12 | G100: =+VLOOKUP(A100,'Herramientas y Equipos'!$B$4:$E$46,4,FALSE) -> 7500 | H100: =ROUND(SUM(G100*F100),0) -> 900
H102: SUB TOTAL EQUIPOS | I102: =SUM(H99:H101) -> 2255
C103: II.-MATERIALES DE OBRA
C104: TIPO INSUMO | E104: UN | F104: CANTIDAD | G104: DESPERD. % | H104: V. UNITARIO | I104: V. PARCIAL TOTAL
I105: =(F105*(1+G105/100)) * (H105*(1/100)) -> 0
G114: SUB TOTAL MATERIALES | I114: =SUM(I105:I113) -> 0
C115: III.-TRANSPORTES DE MATERIALES
C116: TIPO INSUMO | E116: VOL-PES-DIST | F116: RENDIMIENTO | G116: TARIFA | H116: V. UNITARIO | I116: V. PARCIAL TOTAL
C117: Transporte de material (Ton) | E117: 0.005 | F117: 1 | G117: 250000 | H117: =+ROUND(E117*F117*G117,0) -> 1250
G119: SUB TOTAL TRANSPORTE | I119: =SUM(H117:H118) -> 1250
C120: IV.- MANO DE OBRA
C121: TIPO INSUMO | E121: UNIDAD | F121: CANTIDAD | G121: V. UNITARIO | H121: RENDIMIENTO | I121: V. PARCIAL TOTAL
C122: =+'Mano de Obra'!$B$135 -> Cuadrilla General de obra | E122: hora | F122: 8 | G122: =+'Mano de Obra'!$F$143 -> 2310190.1 | H122: 0.1173116 | I122: =ROUND(SUM(G122/F122)*H122,0) -> 33877
I123: =SUM(G123*F123)*H123 -> 0
I124: =SUM(G124*F124)*H124 -> 0
G125: SUB TOTAL MANO DE OBRA | I125: =I122 -> 33877
F127: TOTAL COSTO DIRECTO | I127: =SUM(I102+I114+I119+I125) -> 37382
C128: V.- COSTOS INDIRECTO
C129: FIRMA No. T.P. A1485552010-59313786 | E129: DESCRIPCION | G129: % | H129: VALOR
E130: ADMINISTRACION | G130: 0.23 | H130: =ROUND($I$127*G130,0) -> 8598
E131: IMPREVISTOS | G131: 0.02 | H131: =ROUND($I$127*G131,0) -> 748
E132: UTILIDAD | G132: 0.05 | H132: =ROUND($I$127*G132,0) -> 1869
E133: TOTAL COSTO INDIRECTO | I133: =SUM(H130:H132) -> 11215
E134: PRECIO UNITARIO TOTAL | H134: =SUM(I127+I133) -> 48597
...

Sheet P. Mobiliario Consultorios
B2: PRESUPUESTO PARA LA ADECUACIÓN MENOR DEL PUESTO DE SALUD CEDRO DE RONCESVALLES, TOLIMA Ministerio de Salud y Protección Social Subdirección de Infraestructura en Salud
B3: Nombre Entidad : MUNICIPIO DE RONCESVALLES
B4: Sede: | C4: CENTRO DE SALUD CEDRO | F4: Valor mt2: 71.76 | I4: 4 meses
B5: ÍTEM | C5: ACTIVIDADES | D5: UNIDAD | E5: CANTIDAD | F5: VR UNITARIO | G5: VALOR TOTAL
B6: 1 | C6: SUMINISTRO E INSTALACIÓN DE CARPINTERÍA
B7: 1.1 | C7: Suministro e instalación de mueble en madera con mesón en acero inoxidable y poceta con su respectiva grifería. Cuenta con sistema de anclaje a muro y todos los accesorios necesarios para su buen funcionamiento. Dim: 1.70x0.85x0.50. (área consultorio medico). | D7: Und | E7: 1 | F7: =+'APUS Mobiliario'!I37 -> 4580854 | G7: =ROUND(Tabla133[[#This Row],[VR UNITARIO]]*Tabla133[[#This Row],[CANTIDAD]],0) -> 4580854
B8: 1.2 | C8: Suministro e instalación de mueble en madera. Modulo inferior con mesón en acero inoxidable y poceta con su respectiva grifería. Dim: 1.28x0.88x0.55. Modulo superior con puertas, entrepaño y divisiones lisas en madera aglomerada tipo RH, resistentes a la humedad, rayado y abrasión, color según diseño. Dim: 1.28x0.80x0.35. Cuenta con sistema de anclaje a muro y todos los accesorios necesarios para su buen funcionamiento (Cafetín) | D8: Und | E8: 1 | F8: =+'APUS Mobiliario'!I80 -> 4090100 | G8: =ROUND(Tabla133[[#This Row],[VR UNITARIO]]*Tabla133[[#This Row],[CANTIDAD]],0) -> 4090100
B9: 1.3 | C9: Escritorio para áreas de atención al usuario - sala de espera | D9: Und | E9: 1 | F9: =+'APUS Mobiliario'!I125 -> 1531400 | G9: =ROUND(Tabla133[[#This Row],[VR UNITARIO]]*Tabla133[[#This Row],[CANTIDAD]],0) -> 1531400
B10: 1.4 | C10: Escritorio y sillas para áreas de atención al usuario - consultorios | D10: Und | E10: 3 | F10: =+'APUS Mobiliario'!I170 -> 1338237 | G10: =ROUND(Tabla133[[#This Row],[VR UNITARIO]]*Tabla133[[#This Row],[CANTIDAD]],0) -> 4014711 | K10: =+SUM(G7:G10) -> 14217065 | L10: =+K10*1.3 -> 18482184 | T10: cafetin
B11: 2 | C11: EQUIPOS FIJOS DE USO HOSPITALARIO
B12: 2.1 | C12: Sillas Tándem de 3 puestos para sala de espera | D12: Und | E12: 2 | F12: =+'APUS Mobiliario'!I216 -> 630750 | G12: =ROUND(Tabla133[[#This Row],[VR UNITARIO]]*Tabla133[[#This Row],[CANTIDAD]],0) -> 1261500
B13: 2.2 | C13: Camillas tipo Divan para consultorios | D13: Und | E13: 2 | F13: =+'APUS Mobiliario'!I261 -> 508750 | G13: =ROUND(Tabla133[[#This Row],[VR UNITARIO]]*Tabla133[[#This Row],[CANTIDAD]],0) -> 1017500
B14: 2.3 | C14: Mesa para examen ginecológico | D14: Und | E14: 1 | F14: =+'APUS Mobiliario'!I306 -> 2365000 | G14: =ROUND(Tabla133[[#This Row],[VR UNITARIO]]*Tabla133[[#This Row],[CANTIDAD]],0) -> 2365000
B15: 2.4 | C15: Estante móvil de medicina para área de vacunación | D15: Und | E15: 1 | F15: =+'APUS Mobiliario'!I351 -> 1417750 | G15: =ROUND(Tabla133[[#This Row],[VR UNITARIO]]*Tabla133[[#This Row],[CANTIDAD]],0) -> 1417750
B16: 2.5 | C16: Báscula Mecánica con Tallímetro CAP 200KG RGTA 200 | D16: Und | E16: 3 | F16: =+'APUS Mobiliario'!I396 -> 933000 | G16: =ROUND(Tabla133[[#This Row],[VR UNITARIO]]*Tabla133[[#This Row],[CANTIDAD]],0) -> 2799000
C19: TOTAL COSTOS DIRECTOS - MOBILIARIO CONSULTORIOS | G19: =SUM(Tabla133[[ VALOR TOTAL]]) -> 23077815
C25: Realizó
C26: Nombre: ARQ. ÁNGELA MILENA ARCOS ORDOÑEZ
C27: No. T.P. A1485552010-59313786
C28: Firma:
F43: madera y camillas
G44: 20 millones
U45: toma de muestras y consultorio

Sheet APUS Mobiliario
C1: ANALISIS DE PRECIOS UNITARIOS
C2: PROPONENTE | D2: CENTRO DE SALUD EL CEDRO | H2: FECHA | I2: 45961
C3: OBRA | F3: DESCRIPCION
C4: ADECUACIONES EN INFRAESTRUCTURA FISICA | F4: =+'P. Mobiliario Consultorios'!C7 -> Suministro e instalación de mueble en madera con mesón en acero inoxidable y poceta con su respectiva grifería. Cuenta con sistema de anclaje a muro y todos los accesorios necesarios para su buen funcionamiento. Dim: 1.70x0.85x0.50. (área consultorio medico).
C5: UNIDAD : UND | D5: ITEM : | E5: =+'P. Mobiliario Consultorios'!B7 -> 1.1
C6: CANTIDAD EN EL PROYECTO : | E6: =+'P. Mobiliario Consultorios'!E7 -> 1
C7: I.- EQUIPOS Y HERRAMIENTAS
C8: TIPO INSUMO | E8: HH/DD/MES | F8: RENDIM. o % | G8: V-UNITARIO | H8: VALOR PARCIAL | I8: V. PARCIAL TOTAL
A9: E100015
H12: SUB TOTAL EQUIPOS | I12: =SUM(H9:H11) -> 0
C13: II.-MATERIALES DE OBRA
C14: TIPO INSUMO | E14: UN | F14: CANTIDAD | G14: DESPERD. % | H14: V. UNITARIO | I14: V. PARCIAL TOTAL
A15: =+'Insumos Mobiliario'!B4 -> IM100001 | C15: =+VLOOKUP(A15,'Insumos Mobiliario'!$B$4:$E$15,2,FALSE) -> Suministro e instalación de mueble en madera con mesón en acero inoxidable y poceta con su respectiva grifería. Cuenta con sistema de anclaje a muro y todos los accesorios necesarios para su buen funcionamiento. Dim: 1.70x0.85x0.50. | E15: =+VLOOKUP(A15,'Insumos Mobiliario'!$B$4:$E$15,3,FALSE) -> UND | F15: 1 | H15: =+VLOOKUP(A15,'Insumos Mobiliario'!$B$4:$E$15,4,FALSE) -> 4574604 | I15: =+ROUND((F15*H15)+(G15*F15*H15),0) -> 4574604
G24: SUB TOTAL MATERIALES | I24: =SUM(I15:I23) -> 4574604
C25: III.-TRANSPORTES DE MATERIALES
C26: TIPO INSUMO | E26: VOL-PES-DIST | F26: RENDIMIENTO | G26: TARIFA | H26: V. UNITARIO | I26: V. PARCIAL TOTAL
C27: Transporte de material (Ton) | E27: 0.025 | G27: 250000 | H27: =+ROUND(E27*G27,0) -> 6250
G29: SUB TOTAL TRANSPORTE | I29: =SUM(H27:H28) -> 6250
C30: IV.- MANO DE OBRA
C31: TIPO INSUMO | E31: UNIDAD | F31: CANTIDAD | G31: V. UNITARIO | H31: RENDIMIENTO | I31: V. PARCIAL TOTAL
I33: =SUM(G33*F33)*H33 -> 0
I34: =SUM(G34*F34)*H34 -> 0
G35: SUB TOTAL MANO DE OBRA | I35: =I32 -> 0
F37: TOTAL COSTO DIRECTO | I37: =SUM(I12+I24+I29+I35) -> 4580854
C38: V.- COSTOS INDIRECTO
C39: FIRMA No. T.P. A1485552010-59313786 | E39: DESCRIPCION | G39: % | H39: VALOR
E40: ADMINISTRACION | G40: 0.23 | H40: =ROUND($I$37*G40,0) -> 1053596
E41: IMPREVISTOS | G41: 0.02 | H41: =ROUND($I$37*G41,0) -> 91617
E42: UTILIDAD | G42: 0.05 | H42: =ROUND($I$37*G42,0) -> 229043
E43: TOTAL COSTO INDIRECTO | I43: =SUM(H40:H42) -> 1374256
E44: PRECIO UNITARIO TOTAL | H44: =SUM(I37+I43) -> 5955110
C46: ANALISIS DE PRECIOS UNITARIOS
C47: PROPONENTE | D47: CENTRO DE SALUD EL CEDRO | H47: FECHA | I47: 45961
C48: OBRA | F48: DESCRIPCION
C49: ADECUACIONES EN INFRAESTRUCTURA FISICA | F49: =+'P. Mobiliario Consultorios'!C8 -> Suministro e instalación de mueble en madera. Modulo inferior con mesón en acero inoxidable y poceta con su respectiva grifería. Dim: 1.28x0.88x0.55. Modulo superior con puertas, entrepaño y divisiones lisas en madera aglomerada tipo RH, resistentes a la humedad, rayado y abrasión, color según diseño. Dim: 1.28x0.80x0.35. Cuenta con sistema de anclaje a muro y todos los accesorios necesarios para su buen funcionamiento (Cafetín)
C50: UNIDAD : UND | D50: ITEM : | E50: =+'P. Mobiliario Consultorios'!B8 -> 1.2
C51: CANTIDAD EN EL PROYECTO : | E51: =+'P. Mobiliario Consultorios'!E8 -> 1
C52: I.- EQUIPOS Y HERRAMIENTAS
C53: TIPO INSUMO | E53: HH/DD/MES | F53: RENDIM. o % | G53: V-UNITARIO | H53: VALOR PARCIAL | I53: V. PARCIAL TOTAL
A55: E100002
H57: SUB TOTAL EQUIPOS | I57: =SUM(H54:H56) -> 0
C58: II.-MATERIALES DE OBRA
C59: TIPO INSUMO | E59: UN | F59: CANTIDAD | G59: DESPERD. % | H59: V. UNITARIO | I59: V. PARCIAL TOTAL
A60: =+'Insumos Mobiliario'!B5 -> IM100002 | C60: =+VLOOKUP(A60,'Insumos Mobiliario'!$B$4:$E$15,2,FALSE) -> Suministro e instalación de mueble en madera con mesón en acero inoxidable y poceta con su respectiva grifería. Dim: 1.54x0.90x0.60. Cuenta con sistema de anclaje a muro y todos los accesorios necesarios para su buen funcionamiento | E60: =+VLOOKUP(A60,'Insumos Mobiliario'!$B$4:$E$15,3,FALSE) -> UND | F60: 1 | H60: =+VLOOKUP(A60,'Insumos Mobiliario'!$B$4:$E$15,4,FALSE) -> 4080100 | I60: =+ROUND((F60*H60)+(G60*F60*H60),0) -> 4080100
G67: SUB TOTAL MATERIALES | I67: =SUM(I60:I66) -> 4080100
C68: III.-TRANSPORTES DE MATERIALES
C69: TIPO INSUMO | E69: VOL-PES-DIST | F69: RENDIMIENTO | G69: TARIFA | H69: V. UNITARIO | I69: V. PARCIAL TOTAL
C70: Transporte de material (Ton) | E70: 0.04 | G70: 250000 | H70: =+ROUND(E70*G70,0) -> 10000
G72: SUB TOTAL TRANSPORTE | I72: =SUM(H70:H71) -> 10000
C73: IV.- MANO DE OBRA
C74: TIPO INSUMO | E74: UNIDAD | F74: CANTIDAD | G74: V. UNITARIO | H74: RENDIMIENTO | I74: V. PARCIAL TOTAL
I76: =SUM(G76*F76)*H76 -> 0
I77: =SUM(G77*F77)*H77 -> 0
G78: SUB TOTAL MANO DE OBRA | I78: =I75 -> 0
F80: TOTAL COSTO DIRECTO | I80: =SUM(I57+I67+I72+I78) -> 4090100
C81: V.- COSTOS INDIRECTO
C82: FIRMA No. T.P. A1485552010-59313786 | E82: DESCRIPCION | G82: % | H82: VALOR
E83: ADMINISTRACION | G83: 0.23 | H83: =ROUND($I$80*G83,0) -> 940723
E84: IMPREVISTOS | G84: 0.02 | H84: =ROUND($I$80*G84,0) -> 81802
E85: UTILIDAD | G85: 0.05 | H85: =ROUND($I$80*G85,0) -> 204505
E86: TOTAL COSTO INDIRECTO | I86: =SUM(H83:H85) -> 1227030
E87: PRECIO UNITARIO TOTAL | H87: =SUM(I80+I86) -> 5317130
C89: ANALISIS DE PRECIOS UNITARIOS
C90: PROPONENTE | D90: CENTRO DE SALUD EL CEDRO | H90: FECHA | I90: 45961
C91: OBRA | F91: DESCRIPCION
C92: ADECUACIONES EN INFRAESTRUCTURA FISICA | F92: =+'P. Mobiliario Consultorios'!C9 -> Escritorio para áreas de atención al usuario - sala de espera
C93: UNIDAD : UND | D93: ITEM : | E93: =+'P. Mobiliario Consultorios'!B9 -> 1.3
C94: CANTIDAD EN EL PROYECTO : | E94: =+'P. Mobiliario Consultorios'!D9 -> Und
C95: I.- EQUIPOS Y HERRAMIENTAS
C96: TIPO INSUMO | E96: HH/DD/MES | F96: RENDIM. o % | G96: V-UNITARIO | H96: VALOR PARCIAL | I96: V. PARCIAL TOTAL
A97: E100015
A98: E100002
H100: SUB TOTAL EQUIPOS | I100: =SUM(H97:H99) -> 0
C101: II.-MATERIALES DE OBRA
C102: TIPO INSUMO | E102: UN | F102: CANTIDAD | G102: DESPERD. % | H102: V. UNITARIO | I102: V. PARCIAL TOTAL
A103: =+'Insumos Mobiliario'!B6 -> IM100003 | C103: =+VLOOKUP(A103,'Insumos Mobiliario'!$B$4:$E$15,2,FALSE) -> Escritorio Gerencial en L Tipo C Blanco | E103: =+VLOOKUP(A103,'Insumos Mobiliario'!$B$4:$E$15,3,FALSE) -> UND | F103: 1 | H103: =+VLOOKUP(A103,'Insumos Mobiliario'!$B$4:$E$15,4,FALSE) -> 1369000 | I103: =+ROUND((F103*H103)+(G103*F103*H103),0) -> 1369000
A104: =+'Insumos Mobiliario'!B9 -> IM100006 | C104: =+VLOOKUP(A104,'Insumos Mobiliario'!$B$4:$E$15,2,FALSE) -> Silla de Escritorio | E104: =+VLOOKUP(A104,'Insumos Mobiliario'!$B$4:$E$15,3,FALSE) -> UND | F104: 1 | H104: =+VLOOKUP(A104,'Insumos Mobiliario'!$B$4:$E$15,4,FALSE) -> 149900 | I104: =+ROUND((F104*H104)+(G104*F104*H104),0) -> 149900
G112: SUB TOTAL MATERIALES | I112: =SUM(I103:I111) -> 1518900
C113: III.-TRANSPORTES DE MATERIALES
C114: TIPO INSUMO | E114: VOL-PES-DIST | F114: RENDIMIENTO | G114: TARIFA | H114: V. UNITARIO | I114: V. PARCIAL TOTAL
C115: Transporte de material (Ton) | E115: 0.05 | G115: 250000 | H115: =+ROUND(E115*G115,0) -> 12500
G117: SUB TOTAL TRANSPORTE | I117: =SUM(H115:H116) -> 12500
C118: IV.- MANO DE OBRA
C119: TIPO INSUMO | E119: UNIDAD | F119: CANTIDAD | G119: V. UNITARIO | H119: RENDIMIENTO | I119: V. PARCIAL TOTAL
I121: =SUM(G121*F121)*H121 -> 0
I122: =SUM(G122*F122)*H122 -> 0
G123: SUB TOTAL MANO DE OBRA | I123: =I120 -> 0
F125: TOTAL COSTO DIRECTO | I125: =SUM(I100+I112+I117+I123) -> 1531400
C126: V.- COSTOS INDIRECTO
C127: FIRMA No. T.P. A1485552010-59313786 | E127: DESCRIPCION | G127: % | H127: VALOR
E128: ADMINISTRACION | G128: 0.23 | H128: =ROUND($I$125*G128,0) -> 352222
E129: IMPREVISTOS | G129: 0.02 | H129: =ROUND($I$125*G129,0) -> 30628
E130: UTILIDAD | G130: 0.05 | H130: =ROUND($I$125*G130,0) -> 76570
E131: TOTAL COSTO INDIRECTO | I131: =SUM(H128:H130) -> 459420
E132: PRECIO UNITARIO TOTAL | H132: =SUM(I125+I131) -> 1990820
C134: ANALISIS DE PRECIOS UNITARIOS
C135: PROPONENTE | D135: CENTRO DE SALUD EL CEDRO | H135: FECHA | I135: 45961
C136: OBRA | F136: DESCRIPCION
C137: ADECUACIONES EN INFRAESTRUCTURA FISICA | F137: =+'P. Mobiliario Consultorios'!C10 -> Escritorio y sillas para áreas de atención al usuario - consultorios
C138: UNIDAD : UND | D138: ITEM : | E138: =+'P. Mobiliario Consultorios'!B10 -> 1.4
...

Sheet CONCRETOS
A2: CONCRETO CICLOPEO | I2: Material Planta | J2: Transporte M3/Km - Bto | K2: Transporte | L2: Total | M2: Distancia Fuente
A3: MATERIAL | B3: UNIDAD | C3: CANTIDAD | D3: VALOR UNI | E3: VALOR TOTAL | H3: Triturado 3/4" | I3: =Insumos!E15 -> 90000 | J3: =2500+1500 -> 4000 | K3: =+J3*M3 -> 420000 | L3: =+K3+I3 -> 510000 | M3: 105
A4: Triturado | B4: m3 | C4: =O23*0.6 -> 0.57 | D4: =L3 -> 510000 | E4: =D4*C4 -> 290700 | H4: Arena | I4: =Insumos!E7 -> 55000 | J4: =2500+1500 -> 4000 | K4: =+J4*M4 -> 420000 | L4: =+K4+I4 -> 475000 | M4: 105
A5: Arena | B5: m3 | C5: =N23*0.6 -> 0.288 | D5: =L4 -> 475000 | E5: =D5*C5 -> 136800 | H5: Cemento | I5: =Insumos!E8*50 -> 35600 | J5: =2500+1500 -> 4000 | K5: =+J5*M5 -> 420000 | L5: =+K5+I5 -> 455600 | M5: 105
A6: Piedra | B6: m3 | C6: 0.4 | D6: =L5 -> 455600 | E6: =D6*C6 -> 182240
A7: Cemento | B7: Bto | C7: =M23*0.6 -> 3.6 | D7: =I5 -> 35600 | E7: =D7*C7 -> 128160
A8: Agua | B8: Lt | C8: =+Q20*0.6 -> 108 | D8: 50 | E8: =D8*C8 -> 5400 | H8: COSTO MAQUILA
A9: M.O | B9: Gl/m3 | C9: 1 | D9: =I10 -> 80000 | E9: =D9*C9 -> 80000 | I9: CICLOPEO | J9: SIMPLE 3000 PSI CIMIENTO | K9: SIMPLE ELEVACION
A10: Formaleta y varios | B10: Gl/m3 | C10: 1 | D10: 25000 | E10: =D10*C10 -> 25000 | H10: M.O | I10: 80000 | J10: 100000 | K10: 110000
C11: VALOR TOTAL | E11: =SUM(E4:E10) -> 848300
A13: CONCRETO SIMPLE 3000 PSI | H13: TABLA DE DOSIFICACIÓN / 1 M3 DE CONCRETO
A14: MATERIAL | B14: UNIDAD | C14: CANTIDAD | D14: VALOR UNI | E14: VALOR TOTAL | H14: MEZCLA | I14: RESISTENCIA A LA COMPRESIÓN (Fc) | L14: CEMENTO | N14: ARENA (m3) | O14: GRAVILLA (m3) | P14: LITROS DE AGUA
A15: Triturado | B15: m3 | C15: =O20 -> 0.84 | D15: =L3 -> 510000 | E15: =D15*C15 -> 428400 | I15: Kg/cm2 | J15: PSI | K15: MPa | L15: KILOS | M15: BULTOS | P15: AGREGADO HUMEDO | Q15: AGREGADO SECO
A16: Arena | B16: m3 | C16: =N20 -> 0.56 | D16: =L4 -> 475000 | E16: =D16*C16 -> 266000 | H16: 1:2:2 | I16: 280 | J16: 4000 | K16: 27 | L16: 460 | M16: =+L16/50 -> 9.2 | N16: 0.47 | O16: 0.772 | P16: 180 | Q16: 202.4
A17: Cemento | B17: Bto | C17: =M20 -> 7 | D17: =I5 -> 35600 | E17: =D17*C17 -> 249200 | H17: 1:2:2 1/2 | I17: 249 | J17: 3555 | K17: 24 | L17: 380 | M17: 7.5 | N17: 0.6 | O17: 0.76 | P17: 170 | Q17: 190
A18: =+A8 -> Agua | B18: =+B8 -> Lt | C18: =+Q20 -> 180 | D18: 50 | E18: =D18*C18 -> 9000 | H18: 1:2:3 | I18: 226 | J18: 3224 | K18: 22 | L18: 350 | M18: 7 | N18: 0.55 | O18: 0.84 | P18: 160 | Q18: 180
A19: M.O Maquila | B19: Gl/m3 | C19: 1 | D19: 50000 | E19: =D19*C19 -> 50000
A20: Formaleta y varios | B20: Gl/m3 | C20: 1 | D20: 10000 | E20: =D20*C20 -> 10000 | H20: 1:2:3 1/2 | I20: 210 | J20: 3000 | K20: 20 | L20: 350 | M20: =L20/50 -> 7 | N20: 0.56 | O20: 0.84 | P20: 180 | Q20: 180
H21: 1:2:4 | I21: 200 | J21: 2850 | K21: 19 | L21: 300 | M21: 6 | N21: 0.48 | O21: 0.95 | P21: 145 | Q21: 170
C22: VALOR TOTAL | E22: =SUM(E15:E21) -> 1012600 | H22: 1:2 1/2:4 | I22: 189 | J22: 2700 | K22: 18 | L22: 280 | M22: 5.3 | N22: 0.55 | O22: 0.89 | P22: 145 | Q22: 170
H23: 1:2: 1/2:4 1/2 | I23: 179 | J23: 2560 | K23: 17 | L23: 300 | M23: =L23/50 -> 6 | N23: 0.48 | O23: 0.95 | P23: 140 | Q23: 170
H24: 1:3:3 | I24: 168 | J24: 2400 | K24: 16 | L24: 300 | M24: 6 | N24: 0.72 | O24: 0.72 | P24: 145 | Q24: 170
A25: MORTERO 1:2 | H25: 1:3:4 | I25: 159 | J25: 2275 | K25: 15 | L25: 260 | M25: 6.3 | N25: 0.63 | O25: 0.83 | P25: 140 | Q25: 185
A26: MATERIAL | B26: UNIDAD | C26: CANTIDAD | D26: VALOR UNI | E26: VALOR TOTAL | H26: 1:3:5 | I26: 140 | J26: 2000 | K26: 14 | L26: 260 | M26: =L26/50 -> 5.2 | N26: 0.63 | O26: 0.84 | P26: 135 | Q26: 170
A27: Arena | B27: m3 | C27: =N35 -> 0.97 | D27: =L4 -> 475000 | E27: =D27*C27 -> 460750 | H27: 1:3:6 | I27: 119 | J27: 1700 | K27: 12 | L27: 210 | M27: 4 | N27: 0.5 | O27: 1 | P27: 130 | Q27: 155
A28: Cemento | B28: Bto | C28: =M35 -> 12.5 | D28: =I5 -> 35600 | E28: =D28*C28 -> 445000 | H28: 1:4:7 | I28: 109 | J28: 1560 | K28: 11 | L28: 175 | M28: 3.5 | N28: 0.55 | O28: 0.98 | P28: 120 | Q28: 145
A29: Agua | B29: Lt | C29: =+P35 -> 250 | D29: 50 | E29: =D29*C29 -> 12500
A30: M.O + Aplic. Pañete | B30: Gl/m3 | C30: 1 | D30: 120000 | E30: =D30*C30 -> 120000 | H30: 1:4:8 | I30: 99 | J30: 1420 | K30: 10 | L30: 160 | M30: 3.3 | N30: 0.65 | O30: 1.03 | P30: 110 | Q30: 140
A31: Formaleta y varios | B31: Gl/m3 | C31: 1 | D31: 90000 | E31: =D31*C31 -> 90000
H32: TABLA DE DOSIFICACIÓN / 1 M3 DE MORTERO
C33: VALOR TOTAL | E33: =SUM(E27:E32) -> 1128250 | H33: MEZCLA | I33: RESISTENCIA A LA COMPRESIÓN (Fc) | L33: CEMENTO | N33: ARENA (M3) | O33: LITROS DE AGUA
I34: Kg/Cm2 | J34: PSI | K34: MPA | L34: KILOS | M34: BULTOS | O34: AGREGADO HUMEDO | P34: AGRGADO SECO
H35: 1:2 | I35: 310 | J35: 4400 | K35: 30 | L35: 610 | M35: 12.5 | N35: 0.97 | O35: 220 | P35: 250
A36: CONCRETO MR 38 | H36: 1:3 | I36: 280 | J36: 3980 | K36: 27 | L36: 454 | M36: =L36/50 -> 9.08 | N36: 1.09 | O36: 185 | P36: 240
A37: MATERIAL | B37: UNIDAD | C37: CANTIDAD | D37: VALOR UNI | E37: VALOR TOTAL | H37: 1:4 | I37: 240 | J37: 3400 | K37: 23 | L37: 364 | M37: 7.3 | N37: 1.16 | O37: 170 | P37: 220
A38: Triturado | B38: m3 | C38: =+O17 -> 0.76 | D38: =+L3 -> 510000 | E38: =D38*C38 -> 387600
A39: Arena | B39: m3 | C39: =+N17 -> 0.6 | D39: =+L4 -> 475000 | E39: =D39*C39 -> 285000 | H39: 1:5 | I39: 200 | J39: 2850 | K39: 19 | L39: 302 | M39: 6 | N39: 1.18 | O39: 150 | P39: 170
A40: Cemento | B40: Bto | C40: =+M17 -> 7.5 | D40: =+I5 -> 35600 | E40: =D40*C40 -> 267000 | H40: 1:6 | I40: 160 | J40: 1280 | K40: 16 | L40: 260 | M40: 5.3 | N40: 1.2 | O40: 140 | P40: 150
A41: =+A53 -> M.O MAQUILA | B41: Gl/m3 | E41: 60000 | H41: 1:7 | I41: 120 | J41: 1700 | K41: 12 | L41: 228 | M41: 4.5 | N41: 1.25 | O41: 130 | P41: 140
C44: VALOR TOTAL | E44: =SUM(E38:E43) -> 999600
K46: L | L46: 1.5
A47: CONCRETO SIMPLE 2500 PSI | K47: a | L47: 0.55
A48: MATERIAL | B48: UNIDAD | C48: CANTIDAD | D48: VALOR UNI | E48: VALOR TOTAL | K48: e | L48: 0.09
A49: Triturado | B49: m3 | C49: =O23 -> 0.95 | D49: =L3 -> 510000 | E49: =D49*C49 -> 484500
A50: Arena | B50: m3 | C50: =N23 -> 0.48 | D50: =L4 -> 475000 | E50: =D50*C50 -> 228000 | L50: =+L46*L47*L48 -> 0.07425
A51: Cemento | B51: Bto | C51: =M23 -> 6 | D51: =I5 -> 35600 | E51: =D51*C51 -> 213600 | L51: =+L50*1.05 -> 0.0779625 | M51: 5% desp.
A52: Agua | B52: Lt | C52: =+Q23 -> 170 | D52: 50 | E52: =D52*C52 -> 8500
A53: =+A64 -> M.O MAQUILA | B53: Gl/m3 | C53: 1 | D53: =J10 -> 100000 | E53: =D53*C53 -> 100000 | K53: Cemento | L53: =+$L$50*L18 -> 25.9875
K54: Arena | L54: =+L50*N18 -> 0.0408375
K55: Grava | L55: =+L50*O18 -> 0.06237
C56: VALOR TOTAL | E56: =SUM(E49:E55) -> 1034600 | K56: Agua | L56: =+L50*Q18 -> 13.365
A58: CONCRETO SIMPLE PARA SOLADOS
A59: MATERIAL | B59: UNIDAD | C59: CANTIDAD | D59: VALOR UNI | E59: VALOR TOTAL
A60: Triturado | B60: m3 | C60: =+O26 -> 0.84 | D60: =+D49 -> 510000 | E60: =D60*C60 -> 428400
A61: Arena | B61: m3 | C61: =+N26 -> 0.63 | D61: =+D50 -> 475000 | E61: =D61*C61 -> 299250
A62: Cemento | B62: Bto | C62: =+M26 -> 5.2 | D62: =I5 -> 35600 | E62: =D62*C62 -> 185120
A63: =+A52 -> Agua | B63: =+B52 -> Lt | C63: =+Q26 -> 170 | D63: 50 | E63: =D63*C63 -> 8500
A64: M.O MAQUILA | B64: Gl/m3 | C64: 1 | D64: 80000 | E64: =D64*C64 -> 80000
C67: VALOR TOTAL | E67: =SUM(E60:E66) -> 1001270
A70: CONCRETO SIMPLE 4000 PSI
A71: MATERIAL | B71: UNIDAD | C71: CANTIDAD | D71: VALOR UNI | E71: VALOR TOTAL
A72: Triturado | B72: m3 | C72: =+O16 -> 0.772 | D72: =+L3 -> 510000 | E72: =D72*C72 -> 393720
A73: Arena | B73: m3 | C73: =+N16 -> 0.47 | D73: =+L4 -> 475000 | E73: =D73*C73 -> 223250
A74: Cemento | B74: Bto | C74: =+M16 -> 9.2 | D74: =+I5 -> 35600 | E74: =D74*C74 -> 327520
A75: Agua | B75: Lt | C75: =+Q16 -> 202.4 | D75: 50 | E75: =D75*C75 -> 10120
A76: M.O Maquila | B76: Gl/m3 | C76: 1 | D76: 50000 | E76: =D76*C76 -> 50000
A77: Formaleta y varios | B77: Gl/m3 | C77: 1 | D77: 10000 | E77: =D77*C77 -> 10000
C79: VALOR TOTAL | E79: =SUM(E72:E78) -> 1014610
A82: MORTERO 1:3
A83: MATERIAL | B83: UNIDAD | C83: CANTIDAD | D83: VALOR UNI | E83: VALOR TOTAL
A84: Arena | B84: m3 | C84: =+N36 -> 1.09 | D84: =+L4 -> 475000 | E84: =D84*C84 -> 517750
A85: Cemento | B85: Bto | C85: =+M36 -> 9.08 | D85: =+I5 -> 35600 | E85: =D85*C85 -> 323248
A86: Agua | B86: Lt | C86: =+P36 -> 240 | D86: 50 | E86: =D86*C86 -> 12000
A87: M.O Maquila | B87: Gl/m3 | C87: 1 | D87: 50000 | E87: =D87*C87 -> 50000
A88: Formaleta y varios | B88: Gl/m3 | C88: 1 | D88: 10000 | E88: =D88*C88 -> 10000
C90: VALOR TOTAL | E90: =SUM(E84:E89) -> 912998
A93: MORTERO 1:4
A94: MATERIAL | B94: UNIDAD | C94: CANTIDAD | D94: VALOR UNI | E94: VALOR TOTAL
A95: Arena | B95: m3 | C95: =+N37 -> 1.16 | D95: =+L4 -> 475000 | E95: =D95*C95 -> 551000
A96: Cemento | B96: Bto | C96: =+M37 -> 7.3 | D96: =+I5 -> 35600 | E96: =D96*C96 -> 259880
A97: Agua | B97: Lt | C97: =+P37 -> 220 | D97: 50 | E97: =D97*C97 -> 11000
A98: M.O Maquila | B98: Gl/m3 | C98: 1 | D98: 50000 | E98: =D98*C98 -> 50000
A99: Formaleta y varios | B99: Gl/m3 | C99: 1 | D99: 10000 | E99: =D99*C99 -> 10000
C101: VALOR TOTAL | E101: =SUM(E95:E100) -> 881880
A103: RESUMEN
A105: DESCRIPCIÓN | C105: UNIDAD | D105: CANT | E105: VALOR
A106: =A2 -> CONCRETO CICLOPEO | C106: M3 | D106: 1 | E106: =E11 -> 848300
A107: =A13 -> CONCRETO SIMPLE 3000 PSI | C107: M3 | D107: 1 | E107: =E22 -> 1012600
A108: =A25 -> MORTERO 1:2 | C108: M3 | D108: 1 | E108: =E33 -> 1128250
A109: =A36 -> CONCRETO MR 38 | C109: M3 | D109: 1 | E109: =E44 -> 999600
A110: =A47 -> CONCRETO SIMPLE 2500 PSI | C110: M3 | D110: 1 | E110: =E56 -> 1034600
A111: =A58 -> CONCRETO SIMPLE PARA SOLADOS | C111: M3 | D111: 1 | E111: =E67 -> 1001270
A112: =A70 -> CONCRETO SIMPLE 4000 PSI | C112: M3 | D112: 1 | E112: =E79 -> 1014610
A113: =A82 -> MORTERO 1:3 | C113: M3 | D113: 1 | E113: =E90 -> 912998
A114: =A93 -> MORTERO 1:4 | C114: M3 | D114: 1 | E114: =E101 -> 881880
A119: Nombre: ARQ. ÁNGELA MILENA ARCOS ORDOÑEZ T.P. A1485552010-59313786 Arquitecta Firma:

Sheet Insumos
B2: INSUMOS
B3: ITEM | C3: DESCRIPCION DEL MATERIAL | D3: UND | E3: VR. UNITARIO
B4: I100001 | C4: Acero de refuerzo | D4: KG | E4: 4406
B5: I100002 | C5: Agua | D5: LT | E5: 70
B6: I100003 | C6: Alambre negro no. 18 | D6: KG | E6: 7222
B7: I100004 | C7: Arena | D7: M3 | E7: 55000
B8: I100005 | C8: Cemento | D8: KG | E8: 712
B9: I100006 | C9: Limpiador 1/4" | D9: GL | E9: 72505
B10: I100007 | C10: Malla electrosoldada 15*15 5mm | D10: M2 | E10: 11550.005
B11: I100008 | C11: Masilla supermastick 28kg | D11: UND | E11: 66990
B12: I100009 | C12: Recebo | D12: M3 | E12: 20000
B13: I100010 | C13: Plastocrete | D13: KG | E13: 22090
B14: I100011 | C14: Soldadura 1/4" | D14: GL | E14: 150369
B15: I100012 | C15: Triturado 3/4" | D15: M3 | E15: 90000
... B32: I100074 | C32: Lámina galvanizada C 18 | D32: M2 | E32: 64500
B33: I100075 | C33: Tapa - Accesorios para fijación de canal metálico | D33: UND | E33: 8120 | I33: =+'P. Obras Civiles'!G131 -> 285781458
B34: I100076 | C34: Boquilla - Accesorios para fijación de canal metálico | D34: UND | E34: 6463
B35: I100077 | C35: Soporte - Accesorios para fijación de canal metálico | D35: UND | E35: 16055
B36: I100078 | C36: Electrodo 6013 x 1/8 kilo | D36: KG | E36: 28490
B37: I100079 | C37: Pintura Acrílica para Interior Alta Asepsia | D37: GAL | E37: 137390
B38: I100085 | C38: Tornillo Lámina Pan Philips Zincado 8X1-1/2 | D38: und | E38: 150
B39: I100088 | C39: Vinilo Tipo 2 Blanco | D39: GAL | E39: 74793
B40: I100091 | C40: Chazo Plástico de 1/4″ con tornillo | D40: UND | E40: 219
B41: I100094 | C41: Tapa de Inspección Gyplac Panel Yeso 60 x 60 cm | D41: UND | E41: 118762
B42: I100095 | C42: Sikasil-E Silicona Antihongos 280 ML | D42: UND | E42: 26643
B43: I100096 | C43: Segueta de 12 Pulgadas | D43: UND | E43: 20900
B44: I100100 | C44: Piso Cerámico Budapest Gris Cara Única 60x60cm | D44: M2 | E44: 37290
B45: I100101 | C45: Binda boquilla acrílico | D45: KG | E45: 18810
... B163: I100258 | C163: Ventanas en aluminio, referencia 3831, vidrio laminado 3+3 incoloro, batientes, diseñadas en dos hojas, manijas, empaque, felpa. (V1) Dim: 2.05 x 1.00m (área fachada principal) | D163: UND | E163: 2200000
B164: I100259 | C164: Reja fabricada en Cold Rolled, perfilería de 1 ½ x 1 ½ calibre 18 (V1) Dim: 2.05 x 1.00m (área fachada principal) | D164: UND | E164: 1958100 | I164: =+E164-E163 -> -241900
B165: I100260 | C165: Ventanas en aluminio, referencia 3831, vidrio laminado 3+3 incoloro, batientes, diseñadas en dos hojas, manijas, empaque, felpa. Dim: 1.50 x 1.00m (área consultorios y toma de muestras) | D165: UND | E165: 1600000
B166: I100261 | C166: Reja fabricada en Cold Rolled, perfilería de 1 ½ x 1 ½ calibre 18 (V1) Dim: 1.50 x 1.00m (área consultorios y toma de muestras) | D166: UND | E166: 1206830 | I166: =+E165-E166 -> 393170
B167: I100262 | C167: Ventana en aluminio referencia 3831 tipo persiana. Dim: 1.01 x 0.50m (área Baño) | D167: UND | E167: 228000
B168: I100263 | C168: Puerta en madera con marco Dim: 1.00x1.95 m(h) (área Consultorios y toma de muestras) | D168: UND | E168: 1100000 | I168: =+'P. Obras Civiles'!F62 -> 1317717
B169: I100264 | C169: Cielo Raso de PVC e=7mm | D169: M2 | E169: =22900*1.07 -> 24503
B170: I100265 | C170: Ángulo CAL.26 Lámina GALV. 2.44 M | D170: UND | E170: =2900*1.07 -> 3103
B171: I100266 | C171: Chazo plástico 1/4" | D171: UND | E171: 100
B172: I100267 | C172: Perno 1/2" ALT. VEL. 1 3/4" | D172: UND | E172: 850
B173: I100268 | C173: Perfil omega metálico 63 MM X 3,05 M | D173: UND | E173: 9100
B174: I100269 | C174: Perno 1 Clavo Normal | D174: UND | E174: 113
B175: I100270 | C175: tubo pvc de 1 pulgada | D175: UND | E175: 7811
B176: I100271 | C176: curva pvc de 1 pulgada | D176: UND | E176: 5350
B177: I100272 | C177: terminales pvc de 1 pulgada | D177: UND | E177: 963
B178: I100273 | C178: cable N° 10 verde | D178: M | E178: 3969
B179: I100274 | C179: cable N° 8 blanco | D179: M | E179: 6795
B180: I100275 | C180: cable N°8 amarillo | D180: M | E180: 7009
B181: I100276 | C181: conectores enchapetados | D181: UND | E181: 11000
B182: I100277 | C182: tubos galvanizados 1 pulgada | D182: UND | E182: 55000
... B198: I100293 | C198: Graniplast Blanco 30Kg Esgrafiado Antihongos | D198: UND | E198: 175373
B199: I100294 | C199: Puerta en madera con marco Dim: 0.80x1.95 m(h) | D199: UND | E199: 800000 | I199: =+'P. Obras Civiles'!F63 -> 1015217
C204: ARQ. ÁNGELA MILENA ARCOS ORDOÑEZ
C205: No. T.P. A1485552010-59313786

Sheet Insumos Mobiliario
B2: INSUMOS MOBILIARIO
B3: ITEM | C3: DESCRIPCION DEL MATERIAL | D3: UND | E3: VR. UNITARIO
B4: IM100001 | C4: Suministro e instalación de mueble en madera con mesón en acero inoxidable y poceta con su respectiva grifería. Cuenta con sistema de anclaje a muro y todos los accesorios necesarios para su buen funcionamiento. Dim: 1.70x0.85x0.50. | D4: UND | E4: =+'Cotizaciones Carpintería'!J4 -> 4574604
B5: IM100002 | C5: Suministro e instalación de mueble en madera con mesón en acero inoxidable y poceta con su respectiva grifería. Dim: 1.54x0.90x0.60. Cuenta con sistema de anclaje a muro y todos los accesorios necesarios para su buen funcionamiento | D5: UND | E5: =+'Cotizaciones Carpintería'!J5 -> 4080100
B6: IM100003 | C6: Escritorio Gerencial en L Tipo C Blanco | D6: UND | E6: 1369000 | H6: https://industriascruz.co/producto/escritorio-gerencial-en-l-tipo-c-blanco
B7: IM100004 | C7: Escritorio Blanco Operativo Okumen | D7: UND | E7: 928537 | H7: https://industriascruz.co/producto/escritorio-blanco-operativo-okumen
B8: IM100005 | C8: Silla interlocutora Novaiso Fija | D8: UND | E8: 124900
B9: IM100006 | C9: Silla de Escritorio | D9: UND | E9: 149900
B10: IM100007 | C10: Sillas Tándem de 3 puestos para sala de espera | D10: UND | E10: 629000 | H10: https://industriascruz.co/producto/tandem-metalico-3-puestos
B11: IM100008 | C11: Camillas tipo Divan para consultorios | D11: UND | E11: 504000 | H11: https://www.pakismedical.com/producto/divan-camilla-fija-sencilla-im/
B12: IM100009 | C12: Mesa para examen ginecológico | D12: UND | E12: 2360000 | H12: https://plusmedica.com.co/products/camilla-ginecologica-portatil?variant=50027793613119&country=CO&currency=COP&utm_medium=product_sync&utm_source=google&utm_content=sag_organic&utm_campaign=sag_organic&srsltid=AfmBOoqZ_SntI0Yk5MwJe3vRoTuCTrhKBenKyKHamgRdfJjgYAknMJvYLmM
B13: IM100010 | C13: Coche Rodable para Preparación de Paquetes Fríos | D13: UND | E13: 959000 | H13: https://santeyconfort.com/carros-hospitalarios/1928-carro-mediano-para-alimentos-con-ruedas-3-niveles.html?srsltid=AfmBOorWQ-8ltSrYq112-iIqQK0qzqmqQSRQLu3BQAVlfMBM6Ytlg7xq3HA
B14: IM100011 | C14: Estante Acanalado para Almacenamiento de Vacunas y Diluyente | D14: UND | E14: 450000
B15: IM100012 | C15: Báscula Mecánica con Tallímetro CAP 200KG RGTA 200 | D15: UND | E15: 923000 | H15: https://www.badecol.com/products/bascula-tallimetro-rgta200?srsltid=AfmBOordkrtRe1K663qnVPTrDwfaDZ41t4YcAY5aXSawmj0a1wZVZnUc
C21: ARQ. ÁNGELA MILENA ARCOS ORDOÑEZ
C22: No. T.P. A1485552010-59313786

Sheet Cotizaciones Carpintería
B2: COTIZACIONES MUEBLES
B3: ITEM | C3: DESCRIPCION DEL MATERIAL | D3: UND | E3: CANTIDAD | F3: ESQUEMA | G3: COTIZACION 1 | H3: COTIZACION 2 | I3: PROMEDIO | J3: VR. UNITARIO
B4: =+'Insumos Mobiliario'!B4 -> IM100001 | C4: =+'Insumos Mobiliario'!C4 -> Suministro e instalación de mueble en madera con mesón en acero inoxidable y poceta con su respectiva grifería. Cuenta con sistema de anclaje a muro y todos los accesorios necesarios para su buen funcionamiento. Dim: 1.70x0.85x0.50. | D4: UND | E4: 1 | G4: 4203744 | H4: 4945463 | I4: =+ROUND(AVERAGE(G4:H4),0) -> 4574604 | J4: =+I4 -> 4574604
B5: =+'Insumos Mobiliario'!B5 -> IM100002 | C5: =+'Insumos Mobiliario'!C5 -> Suministro e instalación de mueble en madera con mesón en acero inoxidable y poceta con su respectiva grifería. Dim: 1.54x0.90x0.60. Cuenta con sistema de anclaje a muro y todos los accesorios necesarios para su buen funcionamiento | D5: UND | E5: 1 | G5: 3910000 | H5: 4250200 | I5: =+AVERAGE(G5:H5) -> 4080100 | J5: =+I5 -> 4080100
C11: ARQ. ÁNGELA MILENA ARCOS ORDOÑEZ
C12: No. T.P. A1485552010-59313786

Sheet AIU
B1: MATRIZ PARA CÁLCULO DE FACTOR DE A.I.U
B3: =+'P. Obras Civiles'!B2 -> PRESUPUESTO PARA LA ADECUACIÓN MENOR DEL PUESTO DE SALUD CEDRO DE RONCESVALLES, TOLIMA Ministerio de Salud y Protección Social Subdirección de Infraestructura en Salud
B6: COSTO DIRECTO TOTAL | G6: =+'P. Obras Civiles'!G105 -> 189677721
B8: COSTOS DE ADMINISTRACION DE OBRA
B9: DESCRIPCION | C9: UNIDAD | D9: CANTIDAD | E9: % DE PARTICIPACIÓN | F9: VALOR UNITARIO | G9: VALOR TOTAL | I9: 0.205 | J9: =8.5+12 -> 20.5
A11: 1 | B11: PERSONAL DE OBRA
A12: 1.1 | B12: Residente de obra | C12: mes | D12: 4 | E12: 1 | F12: 3000000 | G12: =ROUND(D12*E12*F12,0) -> 12000000 | I12: 0.03
B13: TOTAL PERSONAL DE OBRA | G13: =SUM(G12:G12) -> 12000000
A15: 2 | B15: COSTOS OPERACIONALES
A16: 2.1 | B16: Costo proporcional oficina central | C16: mes | D16: 4 | E16: 1 | F16: 450000 | G16: =ROUND(D16*E16*F16,0) -> 1800000 | I16: 0.05
B17: TOTAL COSTOS DE DOTACION CAMPAMENTO: | G17: =SUM(G16:G16) -> 1800000
A19: 3 | B19: OTROS - GASTOS GENERALES
A20: 3.1 | B20: Papelería y empastes | C20: mes | D20: 4 | F20: 300000 | G20: =ROUND(D20*F20,0) -> 1200000
A21: 3.2 | B21: Alquiler camioneta (Incluye combustible, peaje y conductor) | C21: mes | D21: 4 | F21: 2580448.2 | G21: =ROUND(D21*F21,0) -> 10321793
G22: =SUM(G20:G21) -> 11521793
A24: 4 | B24: COSTOS DE LEGALIZACION DEL CONTRATO
A25: 4.1 | B25: Pólizas
A26: 4.1.1 | B26: Responsabilidad civil extracontractual | C26: un | D26: 200 SMLMV | E26: 0.001 | F26: 284700000 | G26: =+F26*E26 -> 284700
A27: 4.2 | B27: Impuestos Municipales
A28: 4.2.1 | B28: Estampilla Pro Bienestar del Adulto Mayor | C28: un | D28: 1 | E28: 0.04 | F28: =+$G$6*E28 -> 7587108.8 | G28: =+F28 -> 7587108.8
A29: 4.2.2 | B29: Estampilla Pro Cultura | C29: un | D29: 1 | E29: 0.015 | F29: =+$G$6*E29 -> 2845165.8 | G29: =+F29 -> 2845165.8
A30: 4.2.3 | B30: Estampilla Pro Justicia | C30: un | D30: 1 | E30: 0.02 | F30: =+$G$6*E30 -> 3793554.4 | G30: =+F30 -> 3793554.4
A31: 4.2.4 | B31: Estampilla Pro Deporte | C31: un | D31: 1 | E31: 0.02 | F31: =+$G$6*E31 -> 3793554.4 | G31: =+F31 -> 3793554.4
G34: =SUM(G25:G33) -> 18304083
B36: TOTAL ADMINISTRACION | F36: =G36/G6 -> 0.23 | G36: =ROUND(SUM(G34+G17+G22+G13),0) -> 43625876 | I36: 0.23
I37: =+'P. Obras Civiles'!G107 -> 43625876 | J37: SUPOSED
B38: IMPREVISTOS | F38: 0.02 | G38: =ROUND(F38*G6,0) -> 3793554 | I38: =+G34+G22+G17+G13 -> 43625876 | J38: HAY
I39: =+I37-I38 -> -0.495 | J39: DIFE
B40: UTILIDAD | F40: 0.05 | G40: =ROUND(F40*G6,0) -> 9483886
B42: TOTAL AIU | F42: =F36+F38+F40 -> 0.3 | G42: =SUM(G36:G41) -> 56903316 | L42: 1270175887
B49: ARQ. ÁNGELA MILENA ARCOS ORDOÑEZ
B50: No. T.P. A1485552010-59313786

Sheet INTERVENTORIA EL CEDRO
B2: INTERVENTORÍA
B3: =+'P. Obras Civiles'!B2 -> PRESUPUESTO PARA LA ADECUACIÓN MENOR DEL PUESTO DE SALUD CEDRO DE RONCESVALLES, TOLIMA Ministerio de Salud y Protección Social Subdirección de Infraestructura en Salud
B4: ITEM | C4: DESCRIPCIÓN | D4: CANT | E4: SALARIO MES | F4: % DEDICACIÓN | H4: VR. MENSUAL | I4: DURACIÓN | K4: VR. PARCIAL
B5: 1 | C5: PERSONAL PROFESIONAL
B6: 1.1 | C6: Residente de Interventoria | D6: 1 | E6: 1500000 | F6: 1 | H6: =+E6*F6*D6 -> 1500000 | I6: 4 | K6: =ROUND(+H6*I6,0) -> 6000000
B7: SUBTOTAL COSTOS PERSONAL | K7: =ROUND(SUM(K6:L6),0) -> 6000000
B8: FACTOR MULTIPLICADOR | K8: =+FM!I45 -> 2.1779733
B9: TOTAL COSTOS PERSONAL | K9: =+ROUND(K7*K8,0) -> 13067840
B11: ITEM | C11: DESCRIPCIÓN | D11: UND | E11: CANT | F11: VR. UNIT | H11: VR. PARCIAL | I11: DURACIÓN | K11: VR. PARCIAL
B12: 3 | C12: COSTOS ADMINISTRATIVOS
B13: 3.2 | C13: Edición de informes, memorias, registro fotográfico | D13: UND | E13: 1 | F13: 120142.02 | H13: =+E13*F13 -> 120142.02 | I13: 4 | K13: =H13*I13 -> 480568.07
B14: SUBTOTAL COSTOS GASTOS ADMINISTRATIVOS | K14: =+SUM(K13:L13) -> 480568.07
B15: SUBTOTAL PROYECTO | K15: =+K14+K9 -> 13548408
B16: IVA (19%) | K16: =+ROUND(K15*0.19,0) -> 2574198
B17: TOTAL INTERVENTORIA | K17: =ROUND(+K15+K16,0) -> 16122606
C27: Nombre: ARQ. ÁNGELA MILENA ARCOS ORDOÑEZ
C28: No. T.P. A1485552010-59313786

Sheet FM
A1: FACTOR MULTIPLICADOR PARA CONTRATOS DE INTERVENTORIA
C2: CONCEPTO | I2: PORCENTAJE
A3: 1. | B3: Salarios y Prestaciones Sociales de Personal Facturable
A4: 1.1. | B4: Salarios | I4: 1
A5: 1.2. | B5: Prima anual (legal) | I5: =1/12 -> 0.083333333
A6: 1.3. | B6: Cesantía | I6: =1/12 -> 0.083333333
A7: 1.4. | B7: Intereses de cesantía | I7: 0.01
A8: 1.5. | B8: Vacaciones | I8: =+I6/2 -> 0.041666667
A9: 1.6. | B9: Seguridad Social (salud + pensión) | I9: 0.205 | J9: =8.5+12 -> 20.5
A10: 1.7. | B10: Caja de Compensación Familiar | I10: 0.04
A11: 1.8. | B11: ARL | I11: 0.0696
A12: 1.9. | B12: Sena | I12: 0.02
A13: 1.10. | B13: ICBF | I13: 0.03
A14: 1.11. | B14: Otros (Auxilios varios, prestaciones extralegales, Incapacidades no cubiertas) | I14: 0.01
A15: 1.12. | B15: Dotación | I15: 0.04
F16: Sub-total | I16: =SUM(I4:I15) -> 1.6329333
A18: 2. | B18: Gastos Directos
A19: 2.1. | B19: Arriendo oficina | I19: 0.015
F20: Sub-total | I20: =SUM(I19:I19) -> 0.015
A22: 3. | B22: Gastos Generales
A23: 3.1 | B23: Preparación de Propuesta | I23: 0.0117
A24: 3.2 | B24: Asesoria Contable Tributaria y Juridica | I24: 0.05
A25: 3.3 | B25: Equipos y mantenimiento Oficina (Aseo) | I25: 0.005
A26: 3.4 | B26: Personal Administrativo no facturado | I26: 0.01
A27: 3.5 | B27: Gastos bancarios | I27: =0.4*1.21% -> 0.00484
A28: 3.6 | B28: Gastos de Representación | I28: 0.005
F29: Sub-total | I29: =SUM(I23:I28) -> 0.08654
A31: 4. | B31: Costos Directos no Reembolsables
A32: 4.1 | B32: Poliza de Calidad | I32: =0.5*1.21% -> 0.00605
A33: 4.2 | B33: Póliza Cumplimiento | I33: 0.0121
A34: 4.3 | B34: Póliza Salarios y prestaciones Sociales | I34: =2.5*1.21% -> 0.03025
A35: 4.4 | B35: Estampillas | I35: 0.095 | K35: =9.66/1000 -> 0.00966 | L35: 0.00966 | M35: =26+L35 -> 26.00966
A36: 4.5 | B36: Impuestos | I36: 0.2601 | K36: =+K35*100 -> 0.966
F37: Sub-total | I37: =SUM(I32:I36) -> 0.4035
A40: 5. | B40: Honorarios (Utilidad del consultor y costos no previstos) | F40: Sub-total | I40: 0.04
A43: F. M T O T A L CALCULADO | I43: =SUM(I40,I37,I29,I20,I16) -> 2.1779733
A45: F. M T O T A L ASUMIDO | I45: =I43 -> 2.1779733
B52: Nombre: ARQ. ÁNGELA MILENA ARCOS ORDOÑEZ
B53: No. T.P. A1485552010-59313786

Sheet Herramientas y Equipos
B2: EQUIPOS Y HERRAMIENTAS
B3: CÓDIGO | C3: HERRAMIENTAS | D3: UND | E3: TARIFA/HORA
B4: E100001 | C4: Afinador de Piso, Tipo Helicoptero | D4: Hora | E4: =75000/8 -> 9375
B5: E100002 | C5: Andamio de seguridad 1,40x2,07 H=2+1 | D5: Hora | E5: 7500
B6: E100003 | C6: Compactador Manual (Saltarín compactador) | D6: Hora | E6: =90000/8 -> 11250
B7: E100004 | C7: Compresor 120 HP, con martillo y punta para pavimento rigido y flexible | D7: Hora | E7: 80000
B8: E100005 | C8: Compresor Eléctrico 65 lb | D8: Hora | E8: =75000/8 -> 9375
B9: E100006 | C9: Cortadora de concreto Diesel | D9: Hora | E9: 20000
B10: E100007 | C10: Equipo de Oxicorte | D10: Hora | E10: =95000/8 -> 11875
B11: E100008 | C11: Equipo de soldadura | D11: Hora | E11: =80000/8 -> 10000
B12: E100009 | C12: Equipo topografico | D12: GLB | E12: 100000
B13: E100010 | C13: Escalera Multiproposito H= 3,55M | D13: Hora | E13: 3500
B14: E100011 | C14: Herramienta menor A, Ornamentación | D14: % | E14: 0.04
B15: E100012 | C15: Herramienta menor B, Campamentos | D15: % | E15: 0.04
B16: E100013 | C16: Herramienta menor C, Instalaciones | D16: % | E16: 0.04
B17: E100014 | C17: Herramienta menor D, Eléctrico | D17: % | E17: 0.04
B18: E100015 | C18: Herramienta menor E, Gral. Obra | D18: % | E18: 0.04
B19: E100016 | C19: Dotacion especial para la actividad Soldadura | D19: % | E19: 0.06
B20: E100017 | C20: Hidrolavadora 1450psi Máx. 6.5Lt/Min | D20: Hora | E20: =50000/8 -> 6250
B21: E100018 | C21: Laboratorio de Densidades (Tipo INVIAS 220-13) | D21: Glb | E21: 800000
B22: E100019 | C22: Laboratorio de Densidades (Tipo INVIAS 230-13) | D22: Glb | E22: 900000
B23: E100020 | C23: Mezcladora cap 1 bulto Diesel | D23: Hora | E23: =75000/8 -> 9375
B24: E100021 | C24: Mezcladora cap 1/2 bulto electrica | D24: Hora | E24: =65000/8 -> 8125
B25: E100022 | C25: Minicargador bobcat | D25: Hora | E25: 110000
B26: E100023 | C26: Molde Multiple-Tipo dado DISTINTOS TIPOS DE CONEXIÓN (Soldadura Exotérmica) | D26: Hora | E26: =45000/8 -> 5625
B27: E100024 | C27: Pinza para soldaduras con molde múltiple MM-053N | D27: Hora | E27: =40000/8 -> 5000
B28: E100025 | C28: Pulidora 2200w 6000 Rpm | D28: Hora | E28: 5000
B29: E100026 | C29: Retroexcavadora, potencia en el volante 78hp 2200 rpm | D29: Hora | E29: 135000
B30: E100027 | C30: Soplete para impermeabilizar | D30: GLB | E30: =134900*1.4 -> 188860
B31: E100028 | C31: Tablero Metálico - Formaleta | D31: M2 | E31: 1300
B32: E100029 | C32: Tronzadora rpm 3800, 14 pulgadas | D32: Hora | E32: =55000/8 -> 6875
B33: E100030 | C33: Vibrador de Concreto electrico | D33: Hora | E33: =85000/8 -> 10625
B34: E100031 | C34: Vibrocompactador de rodillo 8T 83KW | D34: Hora | E34: 125000
B35: E100032 | C35: Taladro percutor 860W | D35: Hora | E35: =60000/8 -> 7500
B36: E100033 | C36: Guadaña | D36: Hora | E36: 6500
B37: E100034 | C37: Rotomartillo | D37: Hora | E37: =70000/8 -> 8750
B38: E100035 | C38: Planta Electrica 12 hp 110-220 V | D38: Hora | E38: 8750
B39: E100036 | C39: Andamio certificado | D39: día | E39: =66188*1.05 -> 69497.4
B40: E100037 | C40: Taladro con sierra copa de 1 1/2" | D40: Hora | E40: 10000
B41: E100038 | C41: Formaleta madera 25 cm x 3 cm x 3m | D41: UND | E41: 24150
B42: E100039 | C42: Formaleta metálica para pozos | D42: Hora | E42: 45000
B43: E100040 | C43: Tablero Metálico - Formaleta | D43: dia | E43: 100000
B44: E100041 | C44: Motoniveladora potencia 215 hp | D44: Hora | E44: 170000
B45: E100042 | C45: Carrotanque 1000 gl | D45: Hora | E45: 100000
B46: E100043 | C46: Retroexcavadora de oruga | D46: Hora | E46: 180000
B47: E100044 | C47: Paral Metálico Corto 2.7 mts. | D47: Hora | E47: =3200/8 -> 400
B53: Nombre: ARQ. ÁNGELA MILENA ARCOS ORDOÑEZ
B54: No. T.P. A1485552010-59313786

Sheet Mano de Obra
B3: BALANCE SALARIO PERSONAL REQUERIDO
F5: SMLV | H5: 1423500
F6: Transporte < 2SMLV | H6: 200000
F7: Total | H7: =+H6+H5 -> 1623500
B9: Seguridad Social
B10: Personal | C10: Salario en salarios | D10: Salario | E10: Salud | F10: Riesgo | G10: Pensión | H10: Total
C11: Mínimos | D11: Diario | F11: Profes T V | H11: Seg. Social
B13: Profesional Civil | C13: 4.2 | D13: =+$H$7/30*C13 -> 227290 | E13: =ROUND(D13*0.12*0.75,) -> 20456 | F13: =ROUND(D13*6.96/100,) -> 15819 | G13: =ROUND(D13*0.15*0.75,) -> 25570 | H13: =+E13+F13+G13 -> 61845
B14: Profesional HSE | C14: 3 | D14: =+$H$7/30*C14 -> 162350 | E14: =ROUND(D14*0.12*0.75,) -> 14612 | F14: =ROUND(D14*6.96/100,) -> 11300 | G14: =ROUND(D14*0.15*0.75,) -> 18264 | H14: =+E14+F14+G14 -> 44176
B15: Maestro de Obra | C15: 3 | D15: =+$H$7/30*C15 -> 162350 | E15: =ROUND(D15*0.12*0.75,) -> 14612 | F15: =ROUND(D15*6.96/100,) -> 11300 | G15: =ROUND(D15*0.15*0.75,) -> 18264 | H15: =+E15+F15+G15 -> 44176
B16: Técnico de Obra | C16: 2.5 | D16: =+$H$7/30*C16 -> 135291.67 | E16: =ROUND(D16*0.12*0.75,) -> 12176 | F16: =ROUND(D16*6.96/100,) -> 9416 | G16: =ROUND(D16*0.15*0.75,) -> 15220 | H16: =+E16+F16+G16 -> 36812
B17: Oficial de Obra | C17: 2.3 | D17: =+$H$7/30*C17 -> 124468.33 | E17: =ROUND(D17*0.12*0.75,) -> 11202 | F17: =ROUND(D17*6.96/100,) -> 8663 | G17: =ROUND(D17*0.15*0.75,) -> 14003 | H17: =+E17+F17+G17 -> 33868
B18: Técnico Electricista | C18: 2.5 | D18: =+$H$7/30*C18 -> 135291.67 | E18: =ROUND(D18*0.12*0.75,) -> 12176 | F18: =ROUND(D18*6.96/100,) -> 9416 | G18: =ROUND(D18*0.15*0.75,) -> 15220 | H18: =+E18+F18+G18 -> 36812
B19: Ayudante de Obra | C19: 1.7 | D19: =+$H$7/30*C19 -> 91998.333 | E19: =ROUND(D19*0.12*0.75,) -> 8280 | F19: =ROUND(D19*6.96/100,) -> 6403 | G19: =ROUND(D19*0.15*0.75,) -> 10350 | H19: =+E19+F19+G19 -> 25033
B20: Técnico Instalador Hidrosanitario | C20: 3 | D20: =+$H$7/30*C20 -> 162350 | E20: =ROUND(D20*0.12*0.75,) -> 14612 | F20: =ROUND(D20*6.96/100,) -> 11300 | G20: =ROUND(D20*0.15*0.75,) -> 18264 | H20: =+E20+F20+G20 -> 44176
B21: Topógrafo | C21: 3 | D21: =+$H$7/30*C21 -> 162350 | E21: =ROUND(D21*0.12*0.75,) -> 14612 | F21: =ROUND(D21*6.96/100,) -> 11300 | G21: =ROUND(D21*0.15*0.75,) -> 18264 | H21: =+E21+F21+G21 -> 44176
B22: Ornamentador | C22: 2.5 | D22: =+$H$7/30*C22 -> 135291.67 | E22: =ROUND(D22*0.12*0.75,) -> 12176 | F22: =ROUND(D22*6.96/100,) -> 9416 | G22: =ROUND(D22*0.15*0.75,) -> 15220 | H22: =+E22+F22+G22 -> 36812
B24: Prestaciones Sociales
B25: Personal | C25: Salario | D25: Vacaciones | E25: Prima | F25: Cesantías | G25: Interés de | H25: Total
C26: Diario | G26: Cesantías | H26: Prestac.
B28: Profesional Civil | C28: =D13 -> 227290 | D28: =ROUND(C28*15/365,) -> 9341 | E28: =ROUND(C28*30/365,) -> 18681 | F28: =+E28 -> 18681 | G28: =ROUND(F28*0.12,) -> 2242 | H28: =+G28+F28+E28+D28 -> 48945
B29: Profesional HSE | C29: =D14 -> 162350 | D29: =ROUND(C29*15/365,) -> 6672 | E29: =ROUND(C29*30/365,) -> 13344 | F29: =+E29 -> 13344 | G29: =ROUND(F29*0.12,) -> 1601 | H29: =+G29+F29+E29+D29 -> 34961
B30: Maestro de Obra | C30: =D15 -> 162350 | D30: =ROUND(C30*15/365,) -> 6672 | E30: =ROUND(C30*30/365,) -> 13344 | F30: =+E30 -> 13344 | G30: =ROUND(F30*0.12,) -> 1601 | H30: =+G30+F30+E30+D30 -> 34961
B31: Técnico de Obra | C31: =D16 -> 135291.67 | D31: =ROUND(C31*15/365,) -> 5560 | E31: =ROUND(C31*30/365,) -> 11120 | F31: =+E31 -> 11120 | G31: =ROUND(F31*0.12,) -> 1334 | H31: =+G31+F31+E31+D31 -> 29134
B32: Oficial de Obra | C32: =D17 -> 124468.33 | D32: =ROUND(C32*15/365,) -> 5115 | E32: =ROUND(C32*30/365,) -> 10230 | F32: =+E32 -> 10230 | G32: =ROUND(F32*0.12,) -> 1228 | H32: =+G32+F32+E32+D32 -> 26803
B33: Técnico Electricista | C33: =D18 -> 135291.67 | D33: =ROUND(C33*15/365,) -> 5560 | E33: =ROUND(C33*30/365,) -> 11120 | F33: =+E33 -> 11120 | G33: =ROUND(F33*0.12,) -> 1334 | H33: =+G33+F33+E33+D33 -> 29134
B34: Ayudante de Obra | C34: =D19 -> 91998.333 | D34: =ROUND(C34*15/365,) -> 3781 | E34: =ROUND(C34*30/365,) -> 7562 | F34: =+E34 -> 7562 | G34: =ROUND(F34*0.12,) -> 907 | H34: =+G34+F34+E34+D34 -> 19812
B35: Técnico Instalador Hidrosanitario | C35: =D20 -> 162350 | D35: =ROUND(C35*15/365,) -> 6672 | E35: =ROUND(C35*30/365,) -> 13344 | F35: =+E35 -> 13344 | G35: =ROUND(F35*0.12,) -> 1601 | H35: =+G35+F35+E35+D35 -> 34961
B36: Topógrafo | C36: =+D21 -> 162350 | D36: =ROUND(C36*15/365,) -> 6672 | E36: =ROUND(C36*30/365,) -> 13344 | F36: =+E36 -> 13344 | G36: =ROUND(F36*0.12,) -> 1601 | H36: =+G36+F36+E36+D36 -> 34961
B37: Ornamentador | C37: =D22 -> 135291.67 | D37: =ROUND(C37*15/365,) -> 5560 | E37: =ROUND(C37*30/365,) -> 11120 | F37: =+E37 -> 11120 | G37: =ROUND(F37*0.12,) -> 1334 | H37: =+G37+F37+E37+D37 -> 29134
B39: Parafiscales
B40: Personal | D40: Salario | E40: Caja de | F40: Bienestar | G40: Sena | H40: Total
D41: Diario | E41: Compen. | F41: familiar | H41: Prestac.
B43: Profesional Civil | D43: =C28 -> 227290 | E43: =ROUND(D43*0.04,) -> 9092 | F43: =ROUND(D43*0.03,) -> 6819 | G43: =ROUND(D43*0.02,) -> 4546 | H43: =+E43+F43+G43 -> 20457
B44: Profesional HSE | D44: =C29 -> 162350 | E44: =ROUND(D44*0.04,) -> 6494 | F44: =ROUND(D44*0.03,) -> 4871 | G44: =ROUND(D44*0.02,) -> 3247 | H44: =+E44+F44+G44 -> 14612
B45: Maestro de Obra | D45: =C30 -> 162350 | E45: =ROUND(D45*0.04,) -> 6494 | F45: =ROUND(D45*0.03,) -> 4871 | G45: =ROUND(D45*0.02,) -> 3247 | H45: =+E45+F45+G45 -> 14612
B46: Técnico de Obra | D46: =C31 -> 135291.67 | E46: =ROUND(D46*0.04,) -> 5412 | F46: =ROUND(D46*0.03,) -> 4059 | G46: =ROUND(D46*0.02,) -> 2706 | H46: =+E46+F46+G46 -> 12177
B47: Oficial de Obra | D47: =C32 -> 124468.33 | E47: =ROUND(D47*0.04,) -> 4979 | F47: =ROUND(D47*0.03,) -> 3734 | G47: =ROUND(D47*0.02,) -> 2489 | H47: =+E47+F47+G47 -> 11202
B48: Técnico Electricista | D48: =C33 -> 135291.67 | E48: =ROUND(D48*0.04,) -> 5412 | F48: =ROUND(D48*0.03,) -> 4059 | G48: =ROUND(D48*0.02,) -> 2706 | H48: =+E48+F48+G48 -> 12177
B49: Ayudante de Obra | D49: =C34 -> 91998.333 | E49: =ROUND(D49*0.04,) -> 3680 | F49: =ROUND(D49*0.03,) -> 2760 | G49: =ROUND(D49*0.02,) -> 1840 | H49: =+E49+F49+G49 -> 8280
B50: Técnico Instalador Hidrosanitario | D50: =C35 -> 162350 | E50: =ROUND(D50*0.04,) -> 6494 | F50: =ROUND(D50*0.03,) -> 4871 | G50: =ROUND(D50*0.02,) -> 3247 | H50: =+E50+F50+G50 -> 14612
B51: Toopógrafo | D51: =+C36 -> 162350 | E51: =ROUND(D51*0.04,) -> 6494 | F51: =ROUND(D51*0.03,) -> 4871 | G51: =ROUND(D51*0.02,) -> 3247 | H51: =+E51+F51+G51 -> 14612
B52: Ornamentador | D52: =C37 -> 135291.67 | E52: =ROUND(D52*0.04,) -> 5412 | F52: =ROUND(D52*0.03,) -> 4059 | G52: =ROUND(D52*0.02,) -> 2706 | H52: =+E52+F52+G52 -> 12177
B54: Dotación personal devenga menos de 2 salarios mínimos | P54: IPC | S54: 1.038
E55: V/unitarios | F55: Cantidad | G55: Valor Día | H55: Total
H56: Dotación
B58: Cascos de Seguridad | E58: 45000 | F58: 1 | G58: =ROUND(F58*E58/60,) -> 750 | H58: =+G58 -> 750
B59: Gafas | E59: 22000 | F59: 1 | G59: =ROUND(F59*E59/60,) -> 367 | H59: =+G59 -> 367 | P59: 1000
B60: Tapabocas | E60: =P59*$S$54 -> 1038 | F60: 16 | G60: =ROUND(F60*E60/60,) -> 277 | H60: =+G60 -> 277 | P60: 3000
B61: Tapa oídos de inserción | E61: =P60*$S$54 -> 3114 | F61: 16 | G61: =ROUND(F61*E61/60,) -> 830 | H61: =+G61 -> 830 | P61: 100000
B62: Par de Botas | E62: =P61*$S$54 -> 103800 | F62: 1 | G62: =ROUND(F62*E62/60,) -> 1730 | H62: =+G62 -> 1730 | P62: 15000
B63: Guantes | E63: =P62*$S$54 -> 15570 | F63: 16 | G63: =ROUND(F63*E63/60,) -> 4152 | H63: =+G63 -> 4152 | P63: 30000
B64: Camiseta | E64: 90000 | F64: 2 | G64: =ROUND(F64*E64/60,) -> 3000 | H64: =+G64 -> 3000 | P64: 30000
B65: Pantalón | E65: 90000 | F65: 2 | G65: =ROUND(F65*E65/60,) -> 3000 | H65: =+G65 -> 3000 | P65: 250000
B66: Arnés y Eslinga | E66: =P65*$S$54 -> 259500 | F66: 1 | G66: =ROUND(F66*E66/60,) -> 4325 | H66: =+G66 -> 4325 | P66: 35000
B67: Canilleras | E67: =P66*$S$54 -> 36330 | F67: 1 | G67: =ROUND(F67*E67/60,) -> 606 | H67: =+G67 -> 606 | P67: 40000
B68: Impermeable Chaleco y Pantalon | E68: =P67*$S$54 -> 41520 | F68: 1 | G68: =ROUND(F68*E68/60,) -> 692 | H68: =+G68 -> 692
H70: =SUM(H58:H69) -> 19729
B74: Total Salario
B75: Personal | C75: Salario | D75: Seguridad | E75: Prestaciones | F75: Parafiscales | G75: Dotación | H75: Alimentación | I75: Hospedaje | J75: Examenes | K75: Curso | L75: Transporte | M75: Total
C76: Diario | D76: Social | E76: Sociales | J76: medicos | K76: alturas | M76: Día
B78: Profesional Civil | C78: =D43 -> 227290 | D78: =+H13 -> 61845 | E78: =+H28 -> 48945 | F78: =+H43 -> 20457 | G78: =+H70 -> 19729 | H78: =45000 -> 45000 | I78: =8000*1.038 -> 8304 | J78: =50000/90 -> 555.55556 | K78: =250000/90 -> 2777.7778 | L78: =(7000000/30)/24 -> 9722.2222 | M78: =C78+D78+E78+F78+G78+H78+I78+J78+K78+L78 -> 444625.56
B79: Profesional HSE | C79: =D44 -> 162350 | D79: =+H14 -> 44176 | E79: =+H29 -> 34961 | F79: =+H44 -> 14612 | G79: =+H70 -> 19729 | H79: =45000 -> 45000 | I79: =8000*1.038 -> 8304 | J79: =50000/90 -> 555.55556 | K79: =250000/90 -> 2777.7778 | L79: =(7000000/30)/24 -> 9722.2222 | M79: =C79+D79+E79+F79+G79+H79+I79+J79+K79+L79 -> 342187.56
B80: Maestro de Obra | C80: =D45 -> 162350 | D80: =+H15 -> 44176 | E80: =+H30 -> 34961 | F80: =+H45 -> 14612 | G80: 15381 | H80: =45000 -> 45000 | I80: =8000*1.038 -> 8304 | J80: =50000/90 -> 555.55556 | K80: =250000/90 -> 2777.7778 | L80: =(7000000/30)/24 -> 9722.2222 | M80: =C80+D80+E80+F80+G80+H80+I80+J80+K80+L80 -> 337839.56
B81: Técnico de Obra | C81: =D46 -> 135291.67 | D81: =+H16 -> 36812 | E81: =+H31 -> 29134 | F81: =+H46 -> 12177 | G81: 15381 | H81: =45000 -> 45000 | I81: =8000*1.038 -> 8304 | J81: =50000/90 -> 555.55556 | K81: =250000/90 -> 2777.7778 | L81: =(7000000/30)/24 -> 9722.2222 | M81: =C81+D81+E81+F81+G81+H81+I81+J81+K81+L81 -> 295155.22
B82: Oficial de Obra | C82: =D47 -> 124468.33 | D82: =+H17 -> 33868 | E82: =+H32 -> 26803 | F82: =+H47 -> 11202 | G82: 15381 | H82: =45000 -> 45000 | I82: =8000*1.038 -> 8304 | J82: =50000/90 -> 555.55556 | K82: =250000/90 -> 2777.7778 | L82: =(7000000/30)/24 -> 9722.2222 | M82: =C82+D82+E82+F82+G82+H82+I82+J82+K82+L82 -> 278081.89
B83: Técnico Electricista | C83: =D48 -> 135291.67 | D83: =+H18 -> 36812 | E83: =+H33 -> 29134 | F83: =+H48 -> 12177 | G83: 15381 | H83: =45000 -> 45000 | I83: =8000*1.038 -> 8304 | J83: =50000/90 -> 555.55556 | K83: =250000/90 -> 2777.7778 | L83: =(7000000/30)/24 -> 9722.2222 | M83: =C83+D83+E83+F83+G83+H83+I83+J83+K83+L83 -> 295155.22
B84: Ayudante de Obra | C84: =D49 -> 91998.333 | D84: =+H19 -> 25033 | E84: =+H34 -> 19812 | F84: =+H49 -> 8280 | G84: 15381 | H84: =45000 -> 45000 | I84: =8000*1.038 -> 8304 | J84: =50000/90 -> 555.55556 | K84: =250000/90 -> 2777.7778 | L84: =(7000000/30)/24 -> 9722.2222 | M84: =C84+D84+E84+F84+G84+H84+I84+J84+K84+L84 -> 226863.89
B85: Técnico Instalador Hidrosanitario | C85: =D50 -> 162350 | D85: =+H20 -> 44176 | E85: =+H35 -> 34961 | F85: =+H50 -> 14612 | G85: 15381 | H85: =45000 -> 45000 | I85: =8000*1.038 -> 8304 | J85: =50000/90 -> 555.55556 | K85: =250000/90 -> 2777.7778 | L85: =(7000000/30)/24 -> 9722.2222 | M85: =C85+D85+E85+F85+G85+H85+I85+J85+K85+L85 -> 337839.56
B86: Topógrafo | C86: =+D51 -> 162350 | D86: =+H21 -> 44176 | E86: =+H36 -> 34961 | F86: =+H51 -> 14612 | G86: 15381 | H86: =45000 -> 45000 | I86: =8000*1.038 -> 8304 | J86: =50000/90 -> 555.55556 | K86: =250000/90 -> 2777.7778 | L86: =(7000000/30)/24 -> 9722.2222 | M86: =C86+D86+E86+F86+G86+H86+I86+J86+K86+L86 -> 337839.56
B87: Ornamentador | C87: =D52 -> 135291.67 | D87: =+H22 -> 36812 | E87: =+H37 -> 29134 | F87: =+H52 -> 12177 | G87: 15381 | H87: =45000 -> 45000 | I87: =8000*1.038 -> 8304 | J87: =50000/90 -> 555.55556 | K87: =250000/90 -> 2777.7778 | L87: =(7000000/30)/24 -> 9722.2222 | M87: =C87+D87+E87+F87+G87+H87+I87+J87+K87+L87 -> 295155.22
B91: Cuadrilla Ornamentación | I91: Cuadrilla excavacion y rellenos
B92: Total Salario | I92: Total Salario
B93: Personal | C93: Cantidad | D93: Dedicación | E93: Salario | F93: Total | I93: Personal | J93: Cantidad | K93: Dedicación | L93: Salario | M93: Total
B94: =+B78 -> Profesional Civil | C94: 1 | D94: =2/8 -> 0.25 | E94: =+M78 -> 444625.56 | F94: =E94*D94*C94 -> 111156.39 | I94: =+B138 -> Profesional Civil | J94: 1 | K94: 0.3 | L94: =+M78 -> 444625.56 | M94: =L94*K94*J94 -> 133387.67
B95: =+B87 -> Ornamentador | C95: 1 | D95: =8/8 -> 1 | E95: =+M87 -> 295155.22 | F95: =E95*D95*C95 -> 295155.22 | I95: =+B139 -> Profesional HSE | J95: 1 | K95: 1 | L95: =+M79 -> 342187.56 | M95: =L95*K95*J95 -> 342187.56
B96: =+B84 -> Ayudante de Obra | C96: 2 | D96: =8/8 -> 1 | E96: =+M84 -> 226863.89 | F96: =E96*D96*C96 -> 453727.78 | I96: =+B141 -> Oficial de Obra | J96: 1 | K96: 1 | L96: =+M82 -> 278081.89 | M96: =L96*K96*J96 -> 278081.89
B97: =+B79 -> Profesional HSE | C97: 1 | D97: =2/8 -> 0.25 | E97: =+M85 -> 337839.56 | F97: =E97*D97*C97 -> 84459.889 | I97: =+B142 -> Ayudante de Obra | J97: 2 | K97: 1 | L97: =+M84 -> 226863.89 | M97: =L97*K97*J97 -> 453727.78
E98: Total día | F98: =SUM(F94:F97) -> 944499.28 | L98: Total día | M98: =SUM(M94:M97) -> 1207384.9
E99: Total hora | F99: =F98/8 -> 118062.41 | L99: Total hora | M99: =M98/8 -> 150923.11
B102: Cuadrilla Campamentos
B103: Total Salario | I103: Cuadrilla concretos
B104: Personal | C104: Cantidad | D104: Dedicación | E104: Salario | F104: Total | I104: Total Salario
B105: =+B78 -> Profesional Civil | C105: 1 | D105: =2/8 -> 0.25 | E105: =M78 -> 444625.56 | F105: =E105*D105*C105 -> 111156.39 | I105: Personal | J105: Cantidad | K105: Dedicación | L105: Salario | M105: Total
B106: =B79 -> Profesional HSE | C106: 1 | D106: =2/8 -> 0.25 | E106: =M79 -> 342187.56 | F106: =E106*D106*C106 -> 85546.889 | I106: =+B138 -> Profesional Civil | J106: 1 | K106: 1 | L106: =+M78 -> 444625.56 | M106: =L106*K106*J106 -> 444625.56
B107: =B80 -> Maestro de Obra | C107: 1 | D107: 0.5 | E107: =M80 -> 337839.56 | F107: =E107*D107*C107 -> 168919.78 | I107: =+B139 -> Profesional HSE | J107: 1 | K107: 1 | L107: =+M79 -> 342187.56 | M107: =L107*K107*J107 -> 342187.56
B108: =B82 -> Oficial de Obra | C108: 1 | D108: =8/8 -> 1 | E108: =M82 -> 278081.89 | F108: =E108*D108*C108 -> 278081.89 | I108: =+B140 -> Maestro de Obra | J108: 1 | K108: 1 | L108: =+M80 -> 337839.56 | M108: =L108*K108*J108 -> 337839.56
B109: =B84 -> Ayudante de Obra | C109: 3 | D109: 1 | E109: =M84 -> 226863.89 | F109: =E109*D109*C109 -> 680591.67 | I109: =+B141 -> Oficial de Obra | J109: 1 | K109: 1 | L109: =+M82 -> 278081.89 | M109: =L109*K109*J109 -> 278081.89
E110: Total día | F110: =SUM(F105:F109) -> 1324296.6 | I110: =+B142 -> Ayudante de Obra | J110: 4 | K110: 1 | L110: =+M84 -> 226863.89 | M110: =L110*K110*J110 -> 907455.56
E111: Total hora | F111: =F110/8 -> 165537.08 | L111: Total día | M111: =SUM(M106:M110) -> 2310190.1
L112: Total hora | M112: =M111/8 -> 288773.76
B114: Cuadrilla Instalación equipos Hidrosanitarios
B115: Total Salario
B116: Personal | C116: Cantidad | D116: Dedicación | E116: Salario | F116: Total | I116: Cuadrilla Aceros
B117: =+B78 -> Profesional Civil | C117: 1 | D117: =4/8 -> 0.5 | E117: =+M78 -> 444625.56 | F117: =E117*D117*C117 -> 222312.78 | I117: Total Salario
B118: =+B79 -> Profesional HSE | C118: 1 | D118: =2/8 -> 0.25 | E118: =+M79 -> 342187.56 | F118: =E118*D118*C118 -> 85546.889 | I118: Personal | J118: Cantidad | K118: Dedicación | L118: Salario | M118: Total
B119: =B85 -> Técnico Instalador Hidrosanitario | C119: 1 | D119: =8/8 -> 1 | E119: =M85 -> 337839.56 | F119: =E119*D119*C119 -> 337839.56 | I119: =+B138 -> Profesional Civil | J119: 1 | K119: 1 | L119: =+M78 -> 444625.56 | M119: =L119*K119*J119 -> 444625.56
B120: =B84 -> Ayudante de Obra | C120: 1 | D120: =8/8 -> 1 | E120: =M84 -> 226863.89 | F120: =E120*D120*C120 -> 226863.89 | I120: =+B139 -> Profesional HSE | J120: 1 | K120: 1 | L120: =+M79 -> 342187.56 | M120: =L120*K120*J120 -> 342187.56
E121: Total día | F121: =SUM(F117:F120) -> 872563.11 | I121: =+B141 -> Oficial de Obra | J121: 1 | K121: 1 | L121: =+M82 -> 278081.89 | M121: =L121*K121*J121 -> 278081.89
E122: Total hora | F122: =F121/8 -> 109070.39 | L122: Total día | M122: =SUM(M119:M121) -> 1064895
...

Sheet Señalización
A1: SEÑALES DE SEGURIDAD Y SALUD EN EL TRABAJO
A3: DESCRIPCION | B3: UNIDAD | C3: TARIFA
A4: Cinta de peligro 100 mts | B4: rollo | C4: 19900
A5: Malla de proteccion y prevencion de 1,5x10mts | B5: und | C5: 128900
A6: Señal trabajos o Actividad | B6: und | C6: 350000
A7: Botiquin | B7: gbl | C7: =159900*1.07 -> 171093
A8: Extintor 10 lb | B8: und | C8: 79900
A9: Camilla | B9: und | C9: 344433
A10: Cuello ortopedico | B10: und | C10: 108300
A11: Señales informativas | B11: und | C11: 20000
A12: Carpa | B12: und | C12: 650000
A13: Tablero operativo | B13: und | C13: =35000*1.07 -> 37450
A14: Termo de hidratacion | B14: und | C14: =129900*1.07 -> 138993
A20: Nombre: ARQ. ÁNGELA MILENA ARCOS ORDOÑEZ
A21: No. T.P. A1485552010-59313786
